Cogmind - Beta 16 @@@ ROGUE MODE // 2026.01.31 @ 04:24:45 Player: +Jones Result: Destroyed by G-67 Veteran with Plasma Rifle Performance ------------- Evolutions (7) 3500 Regions Visited (32) 6400 Robots Destroyed (615) 3075 Value Destroyed (27941) 27941 Prototype IDs (86) 1720 Alien Tech Used (0) 0 Bonus (11949) 11949 TOTAL SCORE: 54585 Bonus ------- High Alert Combat Kills 4516 Follower Combat Kills 2066 Entered Garrisons 1000 Network Hubs Disabled 200 Aligned with FarCom 300 Met Data Miner 300 Acquired ECA 300 Met Warlord at Base 500 MAIN.C Attacked Warlord 500 Warlord Defense Kills 134 Built Enhanced Grunts 300 A7 Reached Mainframe 300 Met R17 at Cetus 500 Met R17 at Research 2000 Friendly Fire -967 Cogmind --------- Core Integrity 0/1300 Matter 255/300 Energy 23/100 System Corruption 2% Temperature Cool (9) Movement Rolling (90) Location -3/Research Parts ------- > --- POWER (2) -------- (None) > --- PROPULSION (6) --- Centrium Wheel Centrium Wheel > --- UTILITY (9) ------ (None) > --- WEAPON (4) ------- Dispersion Rifle > --- INVENTORY (5) ---- Advanced Signal Interpreter Advanced Remote Shield Mapping Drone Bay (3/3) Gravity Flail Vortex Lance (33) Peak State ------------ > --- POWER ------------ Quantum Reactor Quantum Reactor > --- PROPULSION ------- Improved Heavy Treads Improved Heavy Treads Centrium Heavy Treads > --- UTILITY ---------- Cargo Storage Unit Experimental Targeting Computer Advanced Target Analyzer Experimental Target Analyzer Experimental Phase Shifter Centrium Medium Armor Plating Improved Hacking Suite Improved System Shield > --- WEAPON ----------- Heavy Tesla Rifle Coil Gun Coil Gun Gravity Flail > --- INVENTORY -------- Light Quantum Reactor Advanced Energy Well Advanced Matter Compressor Advanced Signal Interpreter Precision Energy Filter Improved Transmission Jammer Advanced Reaction Control System Improved Weapon Shielding Centrium Medium Armor Plating Centrium Medium Armor Plating Centrium Medium Armor Plating Centrium Medium Armor Plating Experimental EM Shield Experimental EM Shield Advanced Remote Shield Improved System Shield Mapping Drone Bay Heavy Tesla Rifle Improved Heavy Laser Heavy Gatling Laser EMDS Neutron Cannon Vortex Cannon Advanced KE Penetrator Long-range Missile Launcher Improved Remote Datajack Gravity Flail Vortex Lance [Rating: 165] Favorites ----------- Power Neutrino Core Engine Cooled Ion Engine Power Core Neutrino Core Reactor Antimatter Reactor Propulsion Improved Heavy Treads Treads Improved Heavy Treads Leg Armored Leg Wheel Wheel Utility Huge Storage Unit Device Seismic Detector Storage Huge Storage Unit Processor Core Analyzer Hackware Improved Hacking Suite Protection Hardened Medium Armor Plating Weapon Hypervelocity Gauss Rifle Energy Gun Heavy Tesla Rifle Energy Cannon Phase Cannon Ballistic Gun Hypervelocity Gauss Rifle Ballistic Cannon Advanced Assault Cannon Launcher Improved Grenade Launcher Special Weapon Mining Laser Impact Weapon Impact Mace Slashing Weapon Great Axe Piercing Weapon Vortex Lance Special Melee Weapon Datajack Build | -11 -10 -10 -9 -9 -9 -8 -8 -8 -8 -8 -8 -8 -7 -7 -7 -7 -6 -6 -6 -6 -5 -5 -5 -5 -5 -4 -4 -4 -4 -4 -4 -3 ------- Run | Yrd Mat Min Mat Min Exi Min Mat Gar Mat Gar Mat Gar Fac Gar Fac Gar Fac Low Low Dat Pro Fac Upp Upp War Pro Fac Ext Cet Arc Hub Res Slots Evolved 14 | . . . 2 . . . 2 . . . . . 2 . . . 2 . . . . 2 . . . . 2 . . . . 2 Power 1 | . . . . . . . . . . . . . . . . . . . . . . . . . . . 1 . . . . . Propulsion 4 | . . . 1 . . . 1 . . . . . 2 . . . . . . . . . . . . . . . . . . . Utility 7 | . . . 1 . . . 1 . . . . . . . . . 2 . . . . 1 . . . . 1 . . . . 1 Weapon 2 | . . . . . . . . . . . . . . . . . . . . . . 1 . . . . . . . . . 1 Parts Attached 375 | 7 9 2 38 7 . 2 11 3 36 9 9 11 6 18 14 20 27 11 5 1 7 12 5 4 12 2 6 15 4 . 13 49 Power 37 | 1 1 1 6 . . . . . 3 1 . 1 . 1 2 3 2 1 . . 1 1 . . . 1 1 1 1 . 1 7 Engine 16 | 1 1 1 6 . . . . . 1 1 . . . . 1 1 1 1 . . 1 . . . . . . . . . . . Core 11 | . . . . . . . . . 2 . . 1 . 1 1 2 1 . . . . 1 . . . . 1 . . . . 1 Reactor 10 | . . . . . . . . . . . . . . . . . . . . . . . . . . 1 . 1 1 . 1 6 Propulsion 91 | 2 1 . 12 1 . 2 3 1 15 3 4 3 4 7 3 8 3 1 . . 1 . . . . . 1 2 1 . 2 11 Treads 55 | 2 1 . 4 . . 1 3 1 8 3 . 2 2 6 3 6 3 . . . 1 . . . . . 1 2 1 . 2 3 Leg 1 | . . . . . . . . . . . . . . . . . . 1 . . . . . . . . . . . . . . Wheel 35 | . . . 8 1 . 1 . . 7 . 4 1 2 1 . 2 . . . . . . . . . . . . . . . 8 Hover . | . . . . . . . . . . . . . . . . . . . . . . . . . . . . . . . . . Flight . | . . . . . . . . . . . . . . . . . . . . . . . . . . . . . . . . . Utility 140 | 2 2 . 12 5 . . 5 1 13 4 1 5 1 5 3 6 11 4 4 . 4 7 3 4 8 . 3 6 . . 5 16 Device 48 | 1 . . 3 2 . . . . 2 1 . 4 1 . . 1 2 2 4 . . 5 2 3 4 . 1 3 . . 2 5 Storage 12 | 1 1 . 2 . . . . . . 1 1 . . . 1 1 1 . . . . . . . 1 . . . . . . 2 Processor 17 | . . . 1 . . . . . 1 . . . . 1 . . 2 1 . . 1 2 1 . 1 . 2 . . . . 4 Hackware 7 | . . . . . . . 1 . 1 . . . . . 1 . 1 . . . . . . . 1 . . . . . 2 . Protection 56 | . 1 . 6 3 . . 4 1 9 2 . 1 . 4 1 4 5 1 . . 3 . . 1 1 . . 3 . . 1 5 Artifact . | . . . . . . . . . . . . . . . . . . . . . . . . . . . . . . . . . Weapon 107 | 2 5 1 8 1 . . 3 1 5 1 4 2 1 5 6 3 11 5 1 1 1 4 2 . 4 1 1 6 2 . 5 15 Energy Gun 18 | . 1 . . . . . . . . . . . . 1 1 1 2 2 . . . . 1 . . . 1 . . . 1 7 Energy Cannon 10 | . . . . . . . . . 1 . . . 1 . . . 2 . . . . . . . 1 . . 1 . . 2 2 Ballistic Gun 34 | 2 2 1 1 . . . . . . . 2 1 . . 1 2 4 1 . . 1 3 1 . 2 1 . 4 1 . 1 3 Ballistic Cannon 15 | . . . 4 1 . . 2 1 1 . . 1 . 3 1 . . 1 . . . . . . . . . . . . . . Launcher 9 | . 1 . 2 . . . . . 1 1 . . . . 1 . 1 . 1 1 . . . . . . . . . . . . Special Weapon 3 | . 1 . . . . . . . . . . . . . . . . . . . . 1 . . . . . . . . 1 . Impact Weapon 7 | . . . . . . . . . 1 . . . . 1 2 . 1 . . . . . . . . . . . . . . 2 Slashing Weapon 7 | . . . 1 . . . 1 . 1 . 1 . . . . . 1 1 . . . . . . . . . 1 . . . . Piercing Weapon 3 | . . . . . . . . . . . . . . . . . . . . . . . . . 1 . . . 1 . . 1 Special Melee Weapon 1 | . . . . . . . . . . . 1 . . . . . . . . . . . . . . . . . . . . . Unidentified Prototypes 31 | . . . 2 1 . . . . 1 . . . . . 1 . . . 1 . . . . . 9 . . 1 2 . 3 10 Corrupted Parts 1 | . . . . . . . . . . . . . . . . . . . . . . . . . . . . . . . 1 . System Corruption 7 | . . . . . . . . . . . . . . . . . . . . . . . . . . . . . . . 7 . Parts Lost 85 | . 1 . 1 . . . . . 1 2 1 4 . . 11 6 9 . . . . . . . . . . 6 . . 11 32 Power 10 | . 1 . . . . . . . . 1 . 1 . . 2 1 . . . . . . . . . . . . . . 1 3 Propulsion 27 | . . . . . . . . . . 1 . 3 . . 4 2 3 . . . . . . . . . . . . . 3 11 Utility 24 | . . . 1 . . . . . . . 1 . . . 3 1 3 . . . . . . . . . . 4 . . 1 10 Weapon 24 | . . . . . . . . . 1 . . . . . 2 2 3 . . . . . . . . . . 2 . . 6 8 Highest Loss Streak 31 | . 1 . 1 . . . . . 1 1 1 1 . . 5 3 7 . . . . . . . . . . 5 . . 10 31 To Critical Strikes 3 | . . . . . . . . . . . . . . . . 1 . . . . . . . . . . . . . . . 2 Average Backups 24 | . 11 14 23 24 23 22 23 24 23 24 24 23 23 23 20 18 26 27 27 28 27 27 28 28 27 26 26 25 26 27 25 25 Power . | . . . . . . . . . . . . . . . . . . 1 1 1 . . . . . 1 1 . . 1 . . Propulsion 2 | . . . 2 4 4 4 4 4 4 4 3 3 2 2 2 . 2 1 1 1 1 1 1 1 . 1 . 1 1 2 1 1 Utility 11 | . 5 7 15 14 13 13 11 13 11 12 12 11 11 11 9 9 11 9 9 11 10 11 12 13 12 11 11 11 12 13 14 14 Weapon 8 | . 5 5 5 5 6 4 6 6 6 6 6 6 7 6 6 6 9 13 13 13 12 10 10 10 10 11 11 10 11 10 8 7 Tool/Special . | . . . . . . . . . . . . . . . . . . . . . . . . . . . . . . . . . Unused Backups 80 | . 2 2 2 . 2 . . . 6 . . 2 1 2 1 10 14 . 3 . . 1 . . 6 . 1 . 2 1 2 20 Power 4 | . . . . . . . . . . . . . . . . 1 1 . . . . . . . . . . . . . 1 1 Propulsion 10 | . . . 1 . 1 . . . 2 . . 1 . 1 . 3 . . . . . . . . . . . . . . . 1 Utility 38 | . . 1 1 . 1 . . . 3 . . 1 1 . . . 8 . 1 . . . . . 4 . 1 . 2 1 1 12 Weapon 24 | . 2 1 . . . . . . 1 . . . . 1 1 6 5 . 1 . . . . . 1 . . . . . . 5 Tool/Special 4 | . . . . . . . . . . . . . . . . . . . 1 . . 1 . . 1 . . . . . . 1 Average Slot Usage (%) 85 | . 99 100 98 98 77 99 99 91 99 90 94 98 99 94 74 72 71 73 72 67 71 75 75 76 75 76 74 76 73 73 69 78 Engine 4 | . 13 14 11 11 11 11 9 9 4 8 9 6 . . . 1 5 6 6 6 5 3 . . . . . . . . . . Core 2 | . . . . . . . . . 4 . . 2 7 7 6 4 . . . . . 1 5 5 5 2 2 3 . . . . Treads 19 | . 27 28 13 11 11 13 15 18 18 19 20 26 31 37 22 20 16 19 18 20 19 17 17 17 17 17 14 15 15 15 12 12 Wheel 7 | . . . 19 21 22 19 20 18 17 16 15 9 13 3 . 5 2 . 1 . . . . . . . . . . . . 2 Device 6 | . 10 12 5 10 . 1 4 1 4 . 4 7 12 4 5 1 3 12 12 13 11 11 10 11 6 10 6 4 5 5 1 3 Storage 7 | . 14 14 11 11 11 11 9 9 9 9 9 9 7 7 7 7 6 6 6 6 6 5 5 5 5 5 5 4 5 5 5 4 Processor 7 | . . . 9 . . . . . . . . . . . 7 7 5 12 13 13 13 11 16 17 20 11 18 21 21 21 17 14 Hackware 4 | . . . . . . . 8 9 9 9 9 9 7 7 6 . 5 . . . . . . . . . . . . . 9 8 Protection 6 | . 3 1 6 10 22 20 13 8 13 9 8 8 1 7 1 7 8 . . . 1 4 . . . 5 5 5 5 5 1 3 Ballistic Gun 5 | . 19 20 2 . . . . . . . . 11 7 . . 11 7 . . . 2 9 10 11 15 17 14 14 13 15 11 7 Ballistic Cannon 5 | . . . 17 15 . 21 16 16 12 14 10 1 . 7 6 . . . . . . . . . . . . . . . . . Impact Weapon 1 | . . . . . . . . . . 1 . . . 1 3 1 2 5 6 6 1 . . . . . . . . . . . Slashing Weapon 2 | . . . 2 6 . . 1 1 4 . 6 4 5 3 4 1 1 5 3 . 4 1 . . . . . . . . . . Peak Build Rating 165 | 7 11 13 25 34 25 26 36 44 47 47 47 48 56 82 85 83 93 93 95 95 96 106 107 106 119 123 134 137 145 145 149 165 Average Rating 70 | 5 9 11 21 23 19 25 33 41 39 44 39 42 52 57 81 60 82 90 92 91 92 102 105 105 111 119 127 128 138 144 133 154 On Entrance 71 | . 7 10 13 23 25 20 24 36 41 40 43 44 47 54 82 55 83 85 93 95 94 94 103 106 103 119 123 131 132 145 144 149 Avg Prop Armor Cover (%) 12 | . . . 8 7 7 6 9 9 13 11 14 19 28 20 . 14 11 . . . . . . . . . . . . . 9 10 Naked Turns 2 | . . . . . . . . . . . . . . . . . . . . . . . . . . . . . . . . 2 Heaviest Build 214 | 11 35 40 105 112 102 112 115 115 119 117 187 119 119 124 114 163 176 166 166 165 176 195 195 179 190 190 206 214 210 210 210 214 Greatest Support 230 | 40 40 40 60 20 20 20 32 22 56 80 80 90 150 225 225 225 225 225 225 225 225 220 220 220 225 225 225 220 230 230 230 230 Greatest Overweight (x) 12 | . . . 9 10 5 11 5 5 6 5 9 9 9 6 1 3 6 1 . . 1 . . . . . 1 . . . 1 12 Average Overweight (x) 1 | . . . 4 4 5 5 4 4 3 4 4 7 4 1 . . . . . . . . . . . . . . . . . . Largest Inventory Capacity 30 | 8 15 15 25 25 25 25 25 25 25 25 25 25 25 25 25 30 30 30 30 30 30 30 30 30 30 30 30 30 30 30 30 30 Average Capacity 26 | 7 14 15 23 25 25 25 25 25 25 25 25 25 25 25 25 25 30 30 30 30 30 30 30 30 30 30 30 29 30 30 30 29 Most Carried 30 | 2 15 15 25 25 25 24 25 25 25 25 25 25 25 25 25 30 30 30 30 30 30 30 30 30 30 30 30 30 30 30 30 30 Average Carried 25 | . 11 14 23 24 24 23 24 24 24 24 24 24 24 24 24 19 29 29 29 30 29 29 30 30 29 29 29 28 28 29 27 28 Final Capacity 30 | 8 15 15 25 25 25 25 25 25 25 25 25 25 25 25 25 30 30 30 30 30 30 30 30 30 30 30 30 30 30 30 30 5 Final Carried 30 | 2 15 15 24 25 25 23 25 25 24 25 25 25 25 25 14 30 30 30 30 30 30 30 30 30 30 30 30 24 30 30 30 5 Class Distribution -------------------- 40% | Mutant 14% | Scavenger-Mutant 10% | Hauler-Assassin 8% | Hauler-Tank 5% | Hauler-Gunner 5% | Hauler-Skirmisher 3% | Scavenger-Gunner Dominant Class ---------------- Mutant | -10/Materials Mutant | -10/Mines Scavenger-Mutant | -9/Materials Mutant | -9/Mines Mutant | -9/Exiles Mutant | -8/Mines Scavenger-Mutant | -8/Materials Mutant | -8/Garrison Mutant | -8/Materials Mutant | -8/Garrison Mutant | -8/Materials Mutant | -8/Garrison Commander-Assassin | -7/Factory Mutant | -7/Garrison Mutant | -7/Factory Scavenger-Mutant | -7/Garrison Hauler-Mutant | -6/Factory Hauler-Assassin | -6/Lower Caves Hauler-Assassin | -6/Lower Caves Hauler-Assassin | -6/Data Miner Hauler-Assassin | -5/Proximity Caves Hauler-Tank | -5/Factory Hauler-Tank | -5/Upper Caves Hauler-Skirmisher | -5/Upper Caves Hauler-Gunner | -5/Warlord Hauler-Tank | -4/Proximity Caves Hauler-Gunner | -4/Factory Hauler-Gunner | -4/Extension Hauler-Tank | -4/Cetus Hauler-Tank | -4/Archives Hauler-Gunner | -4/Hub_04(d) Scavenger-Gunner | -3/Research Resources | -11 -10 -10 -9 -9 -9 -8 -8 -8 -8 -8 -8 -8 -7 -7 -7 -7 -6 -6 -6 -6 -5 -5 -5 -5 -5 -4 -4 -4 -4 -4 -4 -3 ----------- Run | Yrd Mat Min Mat Min Exi Min Mat Gar Mat Gar Mat Gar Fac Gar Fac Gar Fac Low Low Dat Pro Fac Upp Upp War Pro Fac Ext Cet Arc Hub Res Matter Collected 27541 | 236 462 149 1470 418 139 181 1007 615 2235 1502 1227 1236 465 1006 1129 1954 2006 445 420 . 921 585 419 266 250 845 117 1776 225 210 1808 1817 Remotely . | . . . . . . . . . . . . . . . . . . . . . . . . . . . . . . . . . Salvage Created 27082 | 93 605 197 1506 300 . 181 742 148 1606 1022 1095 905 93 1541 1278 1970 2246 195 444 . 937 584 262 609 . 255 213 2875 525 145 2416 2094 Parts 1336 | 7 44 15 112 20 . 11 62 4 98 66 81 56 7 70 63 87 77 8 13 . 34 31 1 18 . 15 7 115 25 6 117 66 Haulers Intercepted 18 | . 2 . 5 . . . 2 . 5 . . . . . . . 2 . 1 . . . . . . . . 1 . . . . Recyclers Shooed 16 | 1 2 . . 2 . . . . 3 . . . . . 4 . 2 . . . . . . . . . . 2 . . . . Parts Field Recycled . | . . . . . . . . . . . . . . . . . . . . . . . . . . . . . . . . . Retrieved Matter . | . . . . . . . . . . . . . . . . . . . . . . . . . . . . . . . . . Parts Self-Destructed 68 | . . . . . . . . . . . . . . . . . . 5 2 . 29 . . 16 . 16 . . . . . . Prevented 10 | . . . . . . . . . . . . . . . . . . 1 9 . . . . . . . . . . . . . Parts Restored . | . . . . . . . . . . . . . . . . . . . . . . . . . . . . . . . . . Kills | -11 -10 -10 -9 -9 -9 -8 -8 -8 -8 -8 -8 -8 -7 -7 -7 -7 -6 -6 -6 -6 -5 -5 -5 -5 -5 -4 -4 -4 -4 -4 -4 -3 ------- Run | Yrd Mat Min Mat Min Exi Min Mat Gar Mat Gar Mat Gar Fac Gar Fac Gar Fac Low Low Dat Pro Fac Upp Upp War Pro Fac Ext Cet Arc Hub Res Combat Hostiles Destroyed 444 | . 12 5 26 12 . 1 14 9 28 35 18 35 1 27 24 27 27 5 5 . 25 4 . 6 1 5 2 22 6 1 32 29 Melee 45 | . . . . . . . . . 7 . 6 3 1 . 13 8 6 . . . . . . . . . . . . . . 1 Guns 148 | . 8 5 1 . . . . . . . 2 11 . . . 9 18 2 1 . 4 2 . 6 1 5 2 22 6 1 26 16 Cannons 111 | . . . 20 8 . 1 8 6 19 19 7 . . 5 7 . . . . . . 2 . . . . . . . . 6 3 AOE 125 | . 4 . 5 4 . . 6 3 2 16 3 21 . 22 1 9 . 2 2 . 21 . . . . . . . . . . 4 Classes Destroyed 24 | 2 6 1 3 . . 1 . . . 3 . . . . 1 . . 1 . . 1 . . . . . . . . . 2 3 Worker 30 | . 1 . 2 1 . . 3 . 6 . 4 . 1 . 1 . 4 . . . . 1 . . . . . 1 . . 5 . Builder 18 | . . . 1 . . 1 2 . 4 . 5 . . . 1 . 2 . . . . . . . . . . . . . 2 . Tunneler 20 | 2 1 1 6 1 . 2 1 . 1 . 1 . 1 . 1 . 1 . . . . . . . . . . 1 . . . . Hauler 18 | . 2 . 5 . . . 2 . 5 . . . . . . . 2 . 1 . . . . . . . . 1 . . . . Recycler 32 | 1 1 . 3 3 . 2 3 . 3 . 2 . . . 4 . 2 . . . . 2 . . . . . 6 . . . . Mechanic 6 | . 1 . 1 . . . . . . . 1 . . . 1 . 1 . . . . . . . . . . . . . . 1 Operator 7 | . 2 . . . . . 1 . 1 . . . . 1 . . . . . . . . . . . . . . . 1 1 . Drone 2 | . . . . . . . . . . . . . . . . . . . . . 2 . . . . . . . . . . . Turret 14 | . . . . . . . . . . . . . . . 9 . 5 . . . . . . . . . . . . . . . Watcher 22 | . . . 5 . . . 2 . 3 . 4 . . . . . . . . . . 1 . . . . . 3 1 . 3 . Swarmer 98 | . 3 3 7 8 . . 4 3 4 7 3 8 . 17 3 10 . 3 . . 4 . . 1 . 3 . 3 . . 4 . Saboteur 1 | . . . . . . . . . . . . . . . . . . . . . . . . . . . . . . . 1 . Grunt 162 | . 9 . 9 3 . . 4 4 15 9 5 13 1 7 4 8 18 . 5 . 12 . . 4 1 . . 11 . . 7 13 Brawler 11 | . . . . . . . . . . 1 . . . . . 2 2 . . . 2 . . . . . . . . . 3 1 Duelist 13 | . . . 1 1 . . . . . 2 . 1 . . 1 . 3 . . . 1 . . . . . . . . . 2 1 Protector 1 | . . . . . . . . . . . . . . . . . . . . . . . . . . . . . . . 1 . Sentry 73 | . . 2 9 . . . 5 1 9 8 8 6 . . 6 2 1 1 . . 1 . . 1 . . . 7 . 1 2 3 Demolisher 3 | . . . . . . . . . . . . . . . . . . . . . . . . . . . . . . . . 3 Specialist 4 | . . . . . . . . . . 3 . 1 . . . . . . . . . . . . . . . . . . . . Hunter 23 | . . . . . . 1 1 1 . 1 2 . . 3 2 2 . . . . 1 . . . . 2 . . . . 5 2 Programmer 39 | . . . . . . . . . . 4 . 6 . . 8 4 3 . . . 2 4 . . . . 2 . . . 4 2 Cetus Guard 6 | . . . . . . . . . . . . . . . . . . . . . . . . . . . . . 6 . . . Enhanced Grunt 1 | . . . . . . . . . . . . . . . . . . . . . . . . . . . . . . . 1 . Lightning 3 | . . . . . . . . . . . . . . . . . . . . . . . . . . . . . . . 3 . Striker 4 | . . . . . . . . . . . . . . . . . . . . . . . . . . . . . . . . 4 Packrat 6 | . . . . . . . . . . . . . . . . . . . . . . . 3 3 . . . . . . . . Thug 2 | . . . . . . . . . . . . . . 1 . . . . . . . . . . . . . 1 . . . . Mutant 1 | . . . . . . . . . . . . . . . . . . 1 . . . . . . . . . . . . . . Revision 1 | . . . . . . . . . . . . . . . . . . . . . . . . . . . . . . . . 1 Best Kill Streak 12 | 2 5 3 10 4 . 2 12 3 5 5 3 8 1 8 11 7 8 3 5 . 7 3 . 5 1 3 2 8 4 2 12 6 Combat Bots Only 8 | . 5 3 5 4 . 1 8 3 4 4 3 8 1 8 3 7 6 3 5 . 7 2 . 5 1 3 2 2 3 1 7 5 Max Kills in Single Turn 4 | 1 2 2 2 3 . 1 2 2 2 4 3 4 1 4 3 3 1 2 1 . 4 1 1 1 1 2 1 3 2 1 2 2 Gunslinging 1 | . . 1 . . . . . . . . . . . . . . . . . . . . . . . . . . 1 . . . Exploded 4 | . 2 . 2 3 . . 2 2 1 4 3 4 . 4 1 3 . 2 1 . 4 . . . . . . . . . . 2 Melee 1 | . . . . . . . . . 1 . 1 1 1 . 1 1 1 . . . . . . . . . . . . . . 1 Uniques/NPCs Destroyed . | . . . . . . . . . . . . . . . . . . . . . . . . . . . . . . . . . Combat | -11 -10 -10 -9 -9 -9 -8 -8 -8 -8 -8 -8 -8 -7 -7 -7 -7 -6 -6 -6 -6 -5 -5 -5 -5 -5 -4 -4 -4 -4 -4 -4 -3 -------- Run | Yrd Mat Min Mat Min Exi Min Mat Gar Mat Gar Mat Gar Fac Gar Fac Gar Fac Low Low Dat Pro Fac Upp Upp War Pro Fac Ext Cet Arc Hub Res Hostile Shots Fired 2809 | . 59 40 90 33 . 4 46 35 128 61 95 128 1 63 512 180 334 15 11 . 54 40 . 20 24 14 18 54 17 7 210 516 Missed 689 | . 14 8 28 9 . . 7 7 24 17 26 35 . 18 153 50 52 2 4 . 12 3 . 2 6 3 6 16 4 3 54 126 Hits 2120 | . 45 32 62 24 . 4 39 28 104 44 69 93 1 45 359 130 282 13 7 . 42 37 . 18 18 11 12 38 13 4 156 390 Melee 41 | . . . . 1 . . . . . . . . . . 1 5 12 . . . . . . . . . . . . . 7 15 Projectile 2079 | . 45 32 62 23 . 4 39 28 104 44 69 93 1 45 358 125 270 13 7 . 42 37 . 18 18 11 12 38 13 4 149 375 AOE 45 | . . . . . . . . . . . . . . . . . . . . . . . . . 1 . . . . . 1 43 Critical Strikes 107 | . . . 3 1 . 1 1 . 4 2 3 8 . 2 17 7 19 . . . 1 3 . 1 1 . 1 4 . . 11 17 Part Disruptions 4 | . . . . . . . . . . . . . . . 2 . 1 . . . . . . . . . . . . . 1 . Actively Blocked 2 | . . . . . . . . . . . . . . . 2 . . . . . . . . . . . . . . . . . Damage Taken 38620 | . 444 364 751 240 . 65 573 395 1715 677 703 1283 17 639 4557 1938 5400 165 143 . 912 754 . 334 246 105 282 739 195 84 4171 10729 Core 3409 | . 112 55 77 15 . . 10 42 112 63 36 41 . 63 508 88 237 12 19 . 77 57 . 57 66 12 . 26 45 . 273 1306 Absorbed by Shields 787 | . . . . . . . . . . . . 60 . . . 17 . . . . . 193 . . 238 66 . 49 137 27 . . Reduced by Siege Mode 2082 | . . . . . . . . . . . . . . . 237 61 578 17 17 . 61 71 . 35 9 . 21 69 31 . 353 522 Redirected to Shielding 8 | . . . . . . . . . . . . . . . . . 8 . . . . . . . . . . . . . . . Ignored by Resistances 36 | . . . . . . . . . . . . . . . . . 36 . . . . . . . . . . . . . . . Regen/Repaired (Parts) 3990 | . 211 . 86 . . . 61 . 208 . . . . . 921 . 964 . . . . . . . 763 . 350 426 . . . . Core Remaining (%) 58 | 100 . 33 . . . 77 . . . . . 44 . . . 5 . . . . 59 . . . . 80 . . . . 70 . Volleys Fired 1605 | 12 71 16 91 30 . 12 81 41 97 69 55 74 5 72 70 100 97 10 69 . 74 53 10 30 14 28 16 72 9 14 109 104 Largest 4 | 2 2 2 2 2 . 2 2 2 2 2 2 2 1 2 2 2 2 2 1 . 2 3 3 3 3 3 3 3 3 3 3 4 Hottest 305 | 40 100 73 74 77 . 74 80 80 80 80 80 56 65 80 88 70 115 85 85 . 128 151 151 151 104 99 104 105 99 99 108 305 Shots Fired 2881 | 24 132 32 172 58 . 25 123 65 176 107 76 107 5 88 105 189 179 11 70 . 88 80 20 47 37 75 30 198 27 42 256 237 Gun 1627 | 24 122 32 40 . . . . . . . 32 76 . 26 . 182 163 7 2 . 29 39 10 26 34 75 28 192 27 42 221 198 Cannon 1091 | . . . 128 56 . 25 117 60 172 93 43 9 5 32 101 . 16 3 59 . 32 41 10 21 . . 2 6 . . 30 30 Launcher 150 | . 2 . 4 2 . . 6 5 4 14 1 22 . 30 4 7 . 1 9 . 27 . . . 3 . . . . . . 9 Special 13 | . 8 . . . . . . . . . . . . . . . . . . . . . . . . . . . . . 5 . Kinetic 2320 | 24 106 16 168 56 . 25 117 60 168 93 75 85 . 45 101 182 159 7 2 . 29 39 10 26 34 75 28 192 27 42 220 109 Thermal 291 | . 24 16 . . . . . . 4 . . . 5 . . . 20 3 59 . 32 41 10 21 . . . 6 . . 1 49 Explosive 141 | . 2 . 4 2 . . 6 5 4 14 1 22 . 30 4 7 . 1 . . 27 . . . 3 . . . . . . 9 Electromagnetic 92 | . . . . . . . . . . . . . . 13 . . . . 9 . . . . . . . . . . . . 70 Entropic 32 | . . . . . . . . . . . . . . . . . . . . . . . . . . . 2 . . . 30 . Robot Hit Streak 34 | 6 17 4 12 6 . 5 7 10 11 10 14 28 . 18 9 30 20 6 11 . 12 19 10 10 14 6 6 17 8 11 12 34 Robot Miss Streak 7 | 4 3 3 4 7 . 2 4 2 4 3 2 2 . 3 3 2 3 1 . . 3 2 1 1 7 1 1 4 1 3 5 4 Penetration Max 3 | . . . . . . . . . . . 1 . . . . 1 2 . . . . 1 . 3 1 . . 2 1 1 1 1 Secondary Targets 33 | . 1 2 . . . . . . . . . 1 . . . . 7 . . . 1 . . 2 1 1 . 1 2 . 10 4 Max Gunslinging Chain 1 | . 1 1 . . . . . . . . . 1 . . . . 1 . . . 1 . . 1 1 1 . 1 1 . 1 1 Shots Hit Robots 1843 | 15 88 19 101 33 . 15 48 30 124 46 82 74 3 62 102 169 163 10 7 . 45 36 5 20 21 13 13 112 22 29 159 177 Core Hits 1068 | 6 40 8 52 17 . 7 32 12 54 43 33 66 1 70 49 83 108 8 8 . 55 15 3 13 15 8 8 58 13 11 93 79 Critical Kills 110 | . . . . . . . . . . . . . . . 7 1 5 1 . . . 1 1 7 . 5 1 32 7 2 34 6 Critical Parts Destroyed 140 | 1 . . . 1 . . . . . . . 2 . . 14 5 4 1 1 . . 6 . 3 4 . 2 29 8 8 42 9 Critical Strikes 330 | 1 1 1 3 4 . . 2 1 4 1 4 4 . . 28 9 11 2 1 . . 7 1 10 5 5 3 67 18 12 86 39 Burn 4 | . 1 1 . . . . . . . . . . . . . . . . . . . . . . . . . . . . . 2 Destroy 251 | 1 . . . 1 . . . . . . . 2 . . 17 4 2 1 . . . 7 1 10 5 5 3 67 18 12 78 17 Blast 17 | . . . 3 3 . . 2 1 2 1 2 . . . 3 . . . . . . . . . . . . . . . . . Corrupt 17 | . . . . . . . . . . . . . . . . . . . . . . . . . . . . . . . . 17 Smash 16 | . . . . . . . . . . . . . . . 5 2 7 1 1 . . . . . . . . . . . . . Sever 14 | . . . . . . . . . 2 . 2 2 . . 3 3 2 . . . . . . . . . . . . . . . Sunder 11 | . . . . . . . . . . . . . . . . . . . . . . . . . . . . . . . 8 3 Melee Attacks 485 | . . . 20 11 . . 14 12 66 13 51 41 10 47 80 31 48 15 3 . 9 5 . . . . . . 1 . . 8 Impact 101 | . . . . . . . . . 2 9 . . . 6 34 9 33 5 1 . 1 . . . . . . . . . . 1 Slashing 374 | . . . 20 11 . . 14 12 64 4 49 41 10 41 46 22 15 10 2 . 8 5 . . . . . . . . . . Piercing . | . . . . . . . . . . . . . . . . . . . . . . . . . . . . . . . . . Entropic 8 | . . . . . . . . . . . . . . . . . . . . . . . . . . . . . 1 . . 7 Sneak Attacks 78 | . . . 9 8 . . 4 . 21 . 16 1 2 . 6 . 6 1 1 . . 3 . . . . . . . . . . Combat Hostiles 4 | . . . . . . . . . . . 1 1 . . 1 . . 1 . . . . . . . . . . . . . . Follow-up Attacks 8 | . . . . . . . . . . . . . . . 2 1 5 . . . . . . . . . . . . . . . Damage Inflicted 61240 | 131 1208 270 2912 1301 . 348 1912 940 4651 2641 2879 4078 219 5467 4471 4930 5227 456 825 . 3999 721 116 253 690 62 257 902 205 182 3167 5820 Guns 18640 | 131 950 270 373 . . . . . . . 259 864 . 346 . 3486 3460 56 46 . 454 207 20 159 395 62 232 902 205 182 1849 3732 Cannons 13738 | . . . 1684 735 . 348 1095 793 2471 1266 876 . . 409 1525 . 89 . 29 . . 259 96 94 . . . . . . 1318 651 Explosions 14724 | . 258 . 406 203 . . 489 147 194 1375 184 2444 . 2688 775 588 . 182 558 . 2966 . . . 295 . 25 . . . . 947 Melee 14051 | . . . 449 363 . . 328 . 1986 . 1560 770 219 2024 2171 836 1612 218 192 . 579 254 . . . . . . . . . 490 Ramming 87 | . . . . . . . . . . . . . . . . 20 66 . . . . 1 . . . . . . . . . . Kinetic 27150 | 131 797 146 2057 735 . 348 1095 793 2471 1266 1135 864 . 516 1525 3486 3408 56 46 . 454 207 20 159 395 62 232 902 205 182 1822 1635 Thermal 2153 | . 153 124 . . . . . . . . . . . . . . 141 . 214 . . 259 96 94 . . . . . . 27 1045 Explosive 14079 | . 258 . 406 203 . . 489 147 194 1375 184 2444 . 2688 775 588 . 182 . . 2966 . . . 295 . . . . . . 885 Electromagnetic 2402 | . . . . . . . . . . . . . . 239 . . . . 373 . . . . . . . 25 . . . . 1765 Impact 3045 | . . . . . . . . . 102 . . . . . 1065 252 1308 218 100 . . . . . . . . . . . . . Slashing 10516 | . . . 449 363 . . 328 . 1884 . 1560 770 219 2024 1106 584 304 . 92 . 579 254 . . . . . . . . . . Piercing . | . . . . . . . . . . . . . . . . . . . . . . . . . . . . . . . . . Entropic 1808 | . . . . . . . . . . . . . . . . . . . . . . . . . . . . . . . 1318 490 Highest Corruption 22 | . 1 1 4 4 4 4 . . . 1 1 4 . . 10 22 10 10 5 5 8 4 4 4 1 1 . . . . 15 2 Average Corruption 4 | . 1 1 4 4 4 4 . . . 1 1 3 . . 4 18 6 5 5 5 7 2 4 3 1 1 . . . . 13 1 Corruption Purged 11 | . . . . . . . . . . . . . . . . . . 5 . . . 2 . 4 . . . . . . . . Corruption Blocked 15 | . . . . . . . . . . . . . . . . . . . . . . . . . . . . 4 . . 11 . Effects 611 | . . 4 31 20 6 13 . . . 3 27 34 . . 99 62 65 33 44 5 65 8 18 17 4 11 . . . . 13 29 Message Errors 160 | . . . 5 8 . 4 . . . 2 8 12 . . 33 16 19 4 10 . 19 3 4 3 1 3 . . . . 2 4 Matter Fused 145 | . . 1 9 4 3 1 . . . 1 7 9 . . 21 14 14 12 9 . 14 1 7 7 . 1 . . . . 5 5 Heat Flow Errors 81 | . . . 4 3 1 1 . . . . 3 5 . . 11 13 10 5 9 4 5 . . 2 . 2 . . . . . 3 Energy Discharges 74 | . . 2 5 2 . . . . . . 2 1 . . 14 5 9 6 2 1 5 2 3 1 2 4 . . . . 4 4 Parts Rejected 6 | . . . . . . . . . . . 1 . . . 1 . 1 . . . 1 . . . . . . . . . . 2 Parts Fused 5 | . . . . . 1 . . . . . 1 . . . 1 . . . 1 . 1 . . . . . . . . . . . Data Loss (minor) 69 | . . 1 4 1 1 4 . . . . 1 . . . 8 4 7 4 7 . 14 1 1 4 . . . . . . 1 6 Data Loss (major) 29 | . . . 1 2 . 1 . . . . 1 3 . . 7 3 2 2 2 . 2 . 1 . . . . . . . . 2 Misfires 21 | . . . 1 . . 1 . . . . 2 2 . . 1 2 1 . 2 . 3 . 2 . 1 . . . . . 1 2 Alerts 13 | . . . 2 . . 1 . . . . 1 1 . . 1 3 1 . 1 . 1 . . . . . . . . . . 1 Misdirections 1 | . . . . . . . . . . . . . . . . 1 . . . . . . . . . . . . . . . . Weapon Failures 7 | . . . . . . . . . . . . 1 . . 1 1 1 . 1 . . 1 . . . 1 . . . . . . Overload Shots . | . . . . . . . . . . . . . . . . . . . . . . . . . . . . . . . . . Overflow Damage 3149 | . . . 93 83 . 10 106 21 348 145 294 124 97 135 392 92 504 115 129 . 321 . 12 41 . . . . . . 71 16 Projectiles 353 | . . . 26 34 . 10 . 21 16 99 . . . 5 18 . . . . . . . 12 41 . . . . . . 71 . Explosions 429 | . . . 16 3 . . . . 56 46 27 55 . 110 70 3 . . 29 . 14 . . . . . . . . . . . Melee 2367 | . . . 51 46 . . 106 . 276 . 267 69 97 20 304 89 504 115 100 . 307 . . . . . . . . . . 16 Knockbacks 82 | . . . 9 5 . 2 8 5 19 3 2 . . 7 17 2 3 . . . . . . . . . . . . . . . Impact 10 | . . . . . . . . . 1 . . . . . 4 2 3 . . . . . . . . . . . . . . . Kinetic 71 | . . . 9 4 . 2 8 5 18 3 2 . . 7 13 . . . . . . . . . . . . . . . . . Secondary 1 | . . . . 1 . . . . . . . . . . . . . . . . . . . . . . . . . . . . Self-Inflicted Damage 309 | . . . . . . . . . . . . 11 . . . . . . . . 78 82 . . . . 36 . . . . 102 Shots 7 | . . . . . . . . . . . . 1 . . . . . . . . 3 1 . . . . 1 . . . . 1 Rammed 6 | . . 1 . . . . . . . . . . . . . 2 2 . . . . 1 . . . . . . . . . . Targets Rammed 7 | . . 1 . . . . . . . . . . . . . 2 3 . . . . 1 . . . . . . . . . . Kicked . | . . . . . . . . . . . . . . . . . . . . . . . . . . . . . . . . . Crushed 1 | . . . . . . . . . . . . . . . . . 1 . . . . . . . . . . . . . . . Highest Temperature 378 | . 167 248 220 270 169 162 99 171 378 282 277 237 60 120 260 305 306 239 268 217 320 207 108 227 280 240 252 213 36 51 78 345 Average Temperature 69 | . 31 91 35 87 93 36 29 76 99 88 51 53 31 36 63 111 84 89 72 88 94 52 38 43 129 50 108 48 16 21 20 107 Received Heat Transfer 7828 | . 162 69 285 42 . . 153 135 756 207 180 339 . 81 825 492 1985 30 45 . 135 . . 162 195 . . 127 . 20 328 1075 Effects 19 | . . . . . . . . . 3 2 . . . . . . . . . . 2 . . . 3 . . . . . . 9 Shutdowns 3 | . . . . . . . . . . . . . . . . . . . . . . . . . . . . . . . . 3 Energy Bleed 4 | . . . . . . . . . 1 . . . . . . . . . . . 2 . . . . . . . . . . 1 Interference 9 | . . . . . . . . . 1 2 . . . . . . . . . . . . . . 3 . . . . . . 3 Short Circuit 3 | . . . . . . . . . 1 . . . . . . . . . . . . . . . . . . . . . . 2 Siege Activations 72 | . . . . . . . . . . . . . . . 15 4 11 3 1 . 4 4 . 2 1 2 1 10 2 . 5 7 Total Turns 1489 | . . . . . . . . . . . . . . . 144 92 216 30 282 . 148 76 . 23 12 19 18 98 18 . 153 160 Longest Duration 282 | . . . . . . . . . . . . . . . 27 33 86 16 282 . 99 40 . 18 12 12 18 27 11 . 63 86 Martial Activations . | . . . . . . . . . . . . . . . . . . . . . . . . . . . . . . . . . Shielding Activations . | . . . . . . . . . . . . . . . . . . . . . . . . . . . . . . . . . Robots Disrupted . | . . . . . . . . . . . . . . . . . . . . . . . . . . . . . . . . . Combat Hostiles . | . . . . . . . . . . . . . . . . . . . . . . . . . . . . . . . . . Robots Corrupted 19 | . . . . . . . . . . . . . . 2 4 1 4 1 2 . . . . . . . . . . . . 5 Combat Hostiles 15 | . . . . . . . . . . . . . . . 3 1 3 1 2 . . . . . . . . . . . . 5 Parts Fried 32 | . . . . . . . . . . . . . . . 4 4 6 4 1 . . . . . . . . . 1 . . 12 Impact Corruptions 32 | . . . . . . . . . . . . . . . 9 3 16 3 1 . . . . . . . . . . . . . Robots Melted . | . . . . . . . . . . . . . . . . . . . . . . . . . . . . . . . . . Combat Hostiles . | . . . . . . . . . . . . . . . . . . . . . . . . . . . . . . . . . Parts Melted 6 | . 2 . . . . . . . . . . 3 . . . . . . . . . . . . . . . . . . . 1 Heat Transferred 3114 | . 518 444 . . . . . . . . . . . . . . 222 . 187 . . 259 111 111 . . . . . . 37 1225 Parts Sabotaged . | . . . . . . . . . . . . . . . . . . . . . . . . . . . . . . . . . Parts Stolen . | . . . . . . . . . . . . . . . . . . . . . . . . . . . . . . . . . Parts Stripped . | . . . . . . . . . . . . . . . . . . . . . . . . . . . . . . . . . Power Chain Reactions 2 | . . . . . . . . . . . . . . . . . . . 1 . . . . . . . . . . . . 1 Alert | -11 -10 -10 -9 -9 -9 -8 -8 -8 -8 -8 -8 -8 -7 -7 -7 -7 -6 -6 -6 -6 -5 -5 -5 -5 -5 -4 -4 -4 -4 -4 -4 -3 ------- Run | Yrd Mat Min Mat Min Exi Min Mat Gar Mat Gar Mat Gar Fac Gar Fac Gar Fac Low Low Dat Pro Fac Upp Upp War Pro Fac Ext Cet Arc Hub Res Maximum Alert Level 5 | . . . 2 . . . 1 3 2 4 3 5 3 5 3 4 3 . . . . . . . . . . 2 2 1 4 3 Low Security (%) 33 | 100 100 100 32 100 . 100 79 14 29 . 4 . . . 38 . . . . . . 100 . . . . 100 58 . 34 16 . Level 1 28 | . . . 62 . . . 20 20 67 15 87 7 . . 46 7 . . . . . . . . . . . 5 73 65 10 . Level 2 14 | . . . 4 . . . . 63 2 22 3 4 . 18 7 16 7 . . . . . . . . . . 36 26 . 33 91 Level 3 17 | . . . . . . . . 2 . 36 4 38 100 11 7 52 92 . . . . . . . . . . . . . 34 7 Level 4 5 | . . . . . . . . . . 24 . 36 . 48 . 22 . . . . . . . . . . . . . . 5 . Level 5 1 | . . . . . . . . . . . . 14 . 21 . . . . . . . . . . . . . . . . . . High Security . | . . . . . . . . . . . . . . . . . . . . . . . . . . . . . . . . . Max Security . | . . . . . . . . . . . . . . . . . . . . . . . . . . . . . . . . . Peak Influence 1899 | 10 146 115 432 130 . 32 372 706 559 1485 768 1899 996 1647 864 1422 1024 . . . . 126 . . . . 174 593 438 320 1116 825 Initial 996 | . . 45 . 128 . . . 228 343 164 723 217 996 542 864 282 746 . . . . 74 . . . . . 72 321 150 105 549 Average 425 | . 32 25 236 26 . 3 87 406 262 811 311 1130 849 1226 268 956 854 . . . . 22 . . . . 38 240 368 244 623 551 Influence Increases 19292 | 15 484 117 1100 368 . 77 688 638 1140 1381 640 1762 225 1185 879 1200 1104 120 110 . 575 372 . 120 21 110 217 1447 297 210 1585 1105 Destroy 0b10 Robot/C 9700 | . 240 100 520 240 . 20 280 180 560 700 360 800 100 640 480 620 580 80 100 . 460 80 . 120 20 100 40 740 160 80 720 580 Destroy 0b10 Robot/NC 965 | 15 40 5 115 25 . 25 70 . 115 . 85 . 15 50 40 45 85 . 10 . 35 20 . . . . . 75 10 5 75 5 Destroy Leader 1700 | . 54 10 170 40 . 10 98 . 186 20 128 50 22 40 180 70 126 10 . . 50 32 . . . 10 10 86 . . 178 120 Allied During Kill 914 | . . . . . . . . . . 15 . 32 47 33 . 48 27 . . . . . . . 1 . . 303 106 85 217 . Trap Triggered on 0b10 10 | . . . . . . . . . . . . . . . . . . . . . . 10 . . . . . . . . . . Successful Hack 436 | . 41 . 36 . . . 32 24 23 40 10 14 30 . 62 14 17 . . . . 8 . . . . 13 44 6 . 22 . Select Force Hacks 120 | . 60 . 30 . . . 30 . . . . . . . . . . . . . . . . . . . . . . . . . Disable Machine 1035 | . 15 . 90 30 . 15 45 15 135 60 . 45 . 90 15 30 120 . . . . 75 . . . . 120 15 15 30 45 30 Anti-Garrison Action 1900 | . . . . . . . . 350 . 400 . 600 . 200 . 200 . . . . . . . . . . . . . . . 150 Destroy Structure 1552 | . 19 2 94 33 . 7 103 69 106 101 27 191 11 117 87 83 44 . . . . 132 . . . . 34 34 . 10 88 160 Partial Spotted 15 | . . . . . . . . . . . . . . . . . . . . . . . . . . . . . . . 15 . Lose Combat Pursuer 945 | . 15 . 45 . . . 30 . 15 45 30 30 . 15 15 90 105 30 . . 30 15 . . . . . 150 . . 225 60 Influence Decreases 18580 | 15 368 233 770 580 118 77 336 284 1593 149 1790 198 1349 313 2122 182 1513 905 313 25 456 447 44 120 12 119 68 1021 496 286 837 1441 Entered New Map 6330 | . . 71 . 202 118 . . 124 363 89 762 118 903 233 783 122 676 375 44 25 . 45 17 . . 9 . 77 254 226 195 499 Time Decay 9056 | 15 358 162 610 290 . 77 326 . 770 . 718 . 446 . 733 . 697 530 269 . 456 402 27 120 12 110 68 564 222 60 392 622 Lost Part 850 | . 10 . 10 . . . . . 10 20 10 40 . . 110 60 90 . . . . . . . . . . 60 . . 110 320 Lost Ally 958 | . . . . 88 . . 10 160 . 40 . 40 . 80 10 . 50 . . . . . . . . . . 320 20 . 140 . Purge Threat 1386 | . . . 150 . . . . . 450 . 300 . . . 486 . . . . . . . . . . . . . . . . . Squads Dispatched 86 | . 5 1 3 . . . 2 . 6 . 2 . 3 . 11 . 14 . . . . 9 . . . . 1 4 . . 18 7 Investigation 15 | . 3 1 3 . . . 1 . . . 1 . 1 . . . 1 . . . . . . . . . . . . . 1 3 Extermination 21 | . . . . . . . . . . . . . 2 . 8 . 5 . . . . 3 . . . . 1 . . . 2 . Reinforcement 26 | . 2 . . . . . 1 . . . 1 . . . . . 2 . . . . 6 . . . . . 2 . . 8 4 Assault 7 | . . . . . . . . . . . . . . . . . 3 . . . . . . . . . . 2 . . 2 . Garrison 17 | . . . . . . . . . 6 . . . . . 3 . 3 . . . . . . . . . . . . . 5 . Intercept . | . . . . . . . . . . . . . . . . . . . . . . . . . . . . . . . . . Searches Triggered . | . . . . . . . . . . . . . . . . . . . . . . . . . . . . . . . . . Unchained Authorized 2 | . . . . . . . . . . . . . . . 1 . 1 . . . . . . . . . . . . . . . Data Miner Redirects 3 | . . . . . . . . . . . . . . . . . . . . . . 1 . . . . . 1 . . 1 . Construction Impeded 6 | . . . . . . . 1 . . . . . . . . . 1 . . . . . . . . . . 1 . . 3 . Haulers Reinforced . | . . . . . . . . . . . . . . . . . . . . . . . . . . . . . . . . . Active Scanning Responses . | . . . . . . . . . . . . . . . . . . . . . . . . . . . . . . . . . Cargo Convoy Interrupts 1 | . . . . . . . . . . . . . . . . . . . . . . 1 . . . . . . . . . . Stealth | -11 -10 -10 -9 -9 -9 -8 -8 -8 -8 -8 -8 -8 -7 -7 -7 -7 -6 -6 -6 -6 -5 -5 -5 -5 -5 -4 -4 -4 -4 -4 -4 -3 --------- Run | Yrd Mat Min Mat Min Exi Min Mat Gar Mat Gar Mat Gar Fac Gar Fac Gar Fac Low Low Dat Pro Fac Upp Upp War Pro Fac Ext Cet Arc Hub Res Distress Signals 35 | . . . 2 . . . 1 . 3 . 4 . 1 . 3 . 2 . . . . . . . 1 . . 5 2 . 5 6 Communications Jammed . | . . . . . . . . . . . . . . . . . . . . . . . . . . . . . . . . . Distress Signals . | . . . . . . . . . . . . . . . . . . . . . . . . . . . . . . . . . Times Spotted 684 | . 19 5 40 15 . 1 22 6 34 30 32 40 6 30 67 31 64 6 5 . 22 10 . 5 28 5 2 41 5 11 55 47 Peak Tracking Total 21 | . 5 2 4 4 . . 3 2 4 5 6 6 3 6 21 6 10 3 5 . 7 2 . 4 9 3 2 9 5 2 12 8 Tactical Retreats 69 | . 1 . 2 . . . 1 . 1 1 2 2 . 1 11 5 17 2 . . 2 1 . . . . . 6 . . 11 3 Traps | -11 -10 -10 -9 -9 -9 -8 -8 -8 -8 -8 -8 -8 -7 -7 -7 -7 -6 -6 -6 -6 -5 -5 -5 -5 -5 -4 -4 -4 -4 -4 -4 -3 ------- Run | Yrd Mat Min Mat Min Exi Min Mat Gar Mat Gar Mat Gar Fac Gar Fac Gar Fac Low Low Dat Pro Fac Upp Upp War Pro Fac Ext Cet Arc Hub Res Traps Triggered 25 | . . . 1 . . . . . 1 2 4 2 1 . 1 1 3 . . . . . . . . . . 2 . . 4 3 Indirectly . | . . . . . . . . . . . . . . . . . . . . . . . . . . . . . . . . . Trap Hack Attempts . | . . . . . . . . . . . . . . . . . . . . . . . . . . . . . . . . . Triggered . | . . . . . . . . . . . . . . . . . . . . . . . . . . . . . . . . . Disarmed . | . . . . . . . . . . . . . . . . . . . . . . . . . . . . . . . . . Reprogrammed . | . . . . . . . . . . . . . . . . . . . . . . . . . . . . . . . . . Reused . | . . . . . . . . . . . . . . . . . . . . . . . . . . . . . . . . . Traps Extracted . | . . . . . . . . . . . . . . . . . . . . . . . . . . . . . . . . . Installed . | . . . . . . . . . . . . . . . . . . . . . . . . . . . . . . . . . Triggered 1 | . . . . . . . . . . . . . . . . . . . . . . 1 . . . . . . . . . . Machines | -11 -10 -10 -9 -9 -9 -8 -8 -8 -8 -8 -8 -8 -7 -7 -7 -7 -6 -6 -6 -6 -5 -5 -5 -5 -5 -4 -4 -4 -4 -4 -4 -3 ---------- Run | Yrd Mat Min Mat Min Exi Min Mat Gar Mat Gar Mat Gar Fac Gar Fac Gar Fac Low Low Dat Pro Fac Upp Upp War Pro Fac Ext Cet Arc Hub Res Machines Disabled 94 | . 1 . 6 2 . 1 3 6 9 11 . 9 . 8 1 4 8 1 . . . 5 . 1 . . 8 1 1 2 3 3 Max in Single Turn 2 | . 1 . 2 2 . 1 1 1 1 2 . 1 . 2 1 1 1 1 . . . 1 . 1 . . 2 1 1 . 1 1 Garrison Access 4 | . . . . . . . . . . . . . . . 2 . . . . . . . . . . . . . . . 1 1 Garrison Relay 18 | . . . . . . . . 5 . 5 . 4 . 2 . 2 . . . . . . . . . . . . . . . . Phase Generator 2 | . . . . . . . . . . 1 . 1 . . . . . . . . . . . . . . . . . . . . Network Hub 1 | . . . . . . . . . . . . . . . . . . . . . . . . . . . . . . . 1 . Machines Repaired . | . . . . . . . . . . . . . . . . . . . . . . . . . . . . . . . . . Machines Dismantled . | . . . . . . . . . . . . . . . . . . . . . . . . . . . . . . . . . Machines Sabotaged . | . . . . . . . . . . . . . . . . . . . . . . . . . . . . . . . . . Overloaded Fab Kills . | . . . . . . . . . . . . . . . . . . . . . . . . . . . . . . . . . Hacking | -11 -10 -10 -9 -9 -9 -8 -8 -8 -8 -8 -8 -8 -7 -7 -7 -7 -6 -6 -6 -6 -5 -5 -5 -5 -5 -4 -4 -4 -4 -4 -4 -3 --------- Run | Yrd Mat Min Mat Min Exi Min Mat Gar Mat Gar Mat Gar Fac Gar Fac Gar Fac Low Low Dat Pro Fac Upp Upp War Pro Fac Ext Cet Arc Hub Res Machines Accessed 152 | . 9 1 15 2 2 . 13 4 17 2 10 3 6 . 20 1 12 . . 4 1 8 1 . 3 . 2 7 2 . 3 4 Terminals 96 | . 6 1 11 1 . . 9 4 11 2 6 3 5 . 13 1 5 . . . 1 5 1 . . . 1 5 2 . 2 1 Fabricators 2 | . . . . . . . . . . . . . . . . . 1 . . . . . . . . . . . . . . 1 Repair Stations 12 | . 1 . 1 . . . 1 . 2 . . . . . 2 . 2 . . . . 1 . . . . 1 1 . . . . Recycling Units 16 | . 2 . 2 . . . 1 . 2 . 2 . . . 2 . 2 . . . . 1 . . . . . 1 . . . 1 Scanalyzers 4 | . . . 1 . . . 1 . 1 . 1 . . . . . . . . . . . . . . . . . . . . . Garrison Access 12 | . . . . . . . 1 . 1 . 1 . 1 . 3 . 2 . . . . 1 . . . . . . . . 1 1 Total Hacks 447 | . 38 2 42 2 2 . 36 7 53 4 35 6 16 . 68 2 30 . . 29 1 17 1 . 7 . 6 18 6 . 8 11 Successful 283 | . 28 . 25 1 2 . 20 2 33 4 26 3 8 . 49 1 16 . . 29 1 5 1 . 7 . 5 10 4 . 3 . Failed 160 | . 9 2 16 1 . . 16 5 19 . 9 3 8 . 18 1 14 . . . . 12 . . . . 1 8 2 . 5 11 Catastrophic 27 | . . 1 2 1 . . 1 1 . . . . 1 . 5 1 2 . . . . 2 . . . . 1 2 1 . 1 5 Database Lockouts 4 | . 1 . 1 . . . . . 1 . . . . . 1 . . . . . . . . . . . . . . . . . Manual 203 | . 19 2 30 1 1 . 31 . 25 2 14 . 10 . 29 1 11 . . . . 7 . . 1 . 3 10 1 . 3 2 Terminals 289 | . 25 2 26 1 . . 30 7 38 4 26 6 14 . 48 2 14 . . . 1 12 1 . . . 4 14 6 . 6 2 Fabricators 3 | . . . . . . . . . . . . . . . . . 1 . . . . . . . . . . . . . . 2 Repair Stations 51 | . 8 . 4 . . . 2 . 8 . . . . . 13 . 10 . . . . 2 . . . . 2 2 . . . . Recycling Units 38 | . 5 . 8 . . . 1 . 4 . 7 . . . 4 . 3 . . . . 2 . . . . . 2 . . . 2 Scanalyzers 9 | . . . 4 . . . 2 . 2 . 1 . . . . . . . . . . . . . . . . . . . . . Garrison Access 18 | . . . . . . . 1 . 1 . 1 . 2 . 3 . 2 . . . . 1 . . . . . . . . 2 5 Terminal Hacks 128 | . 9 . 5 1 2 . 3 2 12 3 12 3 3 . 21 1 2 . . 29 1 1 1 . 7 . 1 4 4 . 1 . Record 27 | . 2 . . . 1 . . . 1 . . . . . . . . . . 11 1 . 1 . 6 . . . 4 . . . Part Schematic 8 | . . . . . . . . . . . . . . . . . . . . 8 . . . . . . . . . . . . Robot Schematic 7 | . . . . . . . . . . . . . . . . . . . . 7 . . . . . . . . . . . . Robot Analysis 11 | . 1 . 3 . . . 2 . 2 . . . . . 2 . . . . . . . . . . . 1 . . . . . Prototype ID Bank 16 | . . . . . . . . . 3 1 1 . . . 6 . . . . 3 . 1 . . . . . 1 . . . . Open Door 4 | . . . . 1 . . . . . 1 . 1 . . . . . . . . . . . . 1 . . . . . . . Branch Access Points 2 | . . . . . . . . . . . . . . . 1 . 1 . . . . . . . . . . . . . . . Emergency Access Points 7 | . . . . . . . . 1 . 1 1 1 . . 1 1 . . . . . . . . . . . . . . 1 . Machine Index 1 | . . . . . . . . . . . 1 . . . . . . . . . . . . . . . . . . . . . Terminal Index 7 | . 1 . 1 . . . 1 . 1 . 1 . 1 . 1 . . . . . . . . . . . . . . . . . Repair Station Index 1 | . . . . . . . . . . . . . . . 1 . . . . . . . . . . . . . . . . . Garrison Index 1 | . . . . . . . . . . . 1 . . . . . . . . . . . . . . . . . . . . . Alert Level 6 | . . . . . . . . . 1 . 2 . 1 . 2 . . . . . . . . . . . . . . . . . Unreport Threat 11 | . . . 1 . . . . . 3 . 2 . . . 5 . . . . . . . . . . . . . . . . . Locate Traps 6 | . 4 . . . . . . . . . . . . . . . . . . . . . . . . . . 2 . . . . Extermination Status 1 | . . . . . . . . . . . . . . . 1 . . . . . . . . . . . . . . . . . Recall Investigation 1 | . . . . . . . . . . . . . 1 . . . . . . . . . . . . . . . . . . . Hauler Manifests 1 | . . . . . . . . . . . 1 . . . . . . . . . . . . . . . . . . . . . Zone Layout 7 | . 1 . . . . . . . 1 . 2 . . . 1 . 1 . . . . . . . . . . 1 . . . . Garrison Registry 1 | . . . . . . . . 1 . . . . . . . . . . . . . . . . . . . . . . . . Security Stations 1 | . . . . . . . . . . . . 1 . . . . . . . . . . . . . . . . . . . . Proto ID Catalog 1 | . . . . . 1 . . . . . . . . . . . . . . . . . . . . . . . . . . . Fabricator Hacks . | . . . . . . . . . . . . . . . . . . . . . . . . . . . . . . . . . Repair Station Hacks 42 | . 7 . 4 . . . 2 . 6 . . . . . 11 . 8 . . . . . . . . . 2 2 . . . . Scan Component 22 | . 4 . 2 . . . 1 . 3 . . . . . 6 . 4 . . . . . . . . . 1 1 . . . . Repair 20 | . 3 . 2 . . . 1 . 3 . . . . . 5 . 4 . . . . . . . . . 1 1 . . . . Recycling Unit Hacks 20 | . 2 . 4 . . . . . 4 . 5 . . . 2 . 2 . . . . 1 . . . . . . . . . . Process 5 | . . . 2 . . . . . 2 . 1 . . . . . . . . . . . . . . . . . . . . . Report Inventory 1 | . . . . . . . . . . . 1 . . . . . . . . . . . . . . . . . . . . . Retrieve Matter 6 | . . . 2 . . . . . 2 . 2 . . . . . . . . . . . . . . . . . . . . . Retrieve Components 8 | . 2 . . . . . . . . . 1 . . . 2 . 2 . . . . 1 . . . . . . . . . . Scanalyzer 7 | . . . 3 . . . 2 . 1 . 1 . . . . . . . . . . . . . . . . . . . . . Retrieve Study 7 | . . . 3 . . . 2 . 1 . 1 . . . . . . . . . . . . . . . . . . . . . Garrison Access Hacks 8 | . . . . . . . 1 . 1 . 1 . 1 . 3 . . . . . . . . . . . . . . . 1 . Unlock Access 6 | . . . . . . . 1 . 1 . 1 . 1 . 1 . . . . . . . . . . . . . . . 1 . Seal Access 2 | . . . . . . . . . . . . . . . 2 . . . . . . . . . . . . . . . . . Unauthorized Hacks 78 | . 10 . 9 . . . 12 . 9 1 7 . 4 . 12 . 4 . . . . 3 . . . . 2 4 . . 1 . Terminals 72 | . 8 . 8 . . . 11 . 9 1 6 . 4 . 12 . 4 . . . . 3 . . . . 2 3 . . 1 . Assimilate 8 | . . . . . . . 2 . 2 . . . 1 . 2 . 1 . . . . . . . . . . . . . . . Botnet 31 | . 3 . 3 . . . 4 . 2 1 3 . 2 . 5 . 1 . . . . 2 . . . . 1 3 . . 1 . Operators 2 | . . . . . . . . . . . . . . . . . 1 . . . . . . . . . 1 . . . . . Skim 31 | . 5 . 5 . . . 5 . 5 . 3 . 1 . 5 . 1 . . . . 1 . . . . . . . . . . Fabricators . | . . . . . . . . . . . . . . . . . . . . . . . . . . . . . . . . . Repair Stations . | . . . . . . . . . . . . . . . . . . . . . . . . . . . . . . . . . Recycling Units 6 | . 2 . 1 . . . 1 . . . 1 . . . . . . . . . . . . . . . . 1 . . . . Reject 1 | . . . . . . . . . . . 1 . . . . . . . . . . . . . . . . . . . . . Mask 1 | . . . . . . . . . . . . . . . . . . . . . . . . . . . . 1 . . . . Tunnel 4 | . 2 . 1 . . . 1 . . . . . . . . . . . . . . . . . . . . . . . . . Scanalyzers . | . . . . . . . . . . . . . . . . . . . . . . . . . . . . . . . . . Garrison Access . | . . . . . . . . . . . . . . . . . . . . . . . . . . . . . . . . . Data Cores Recovered 1 | . . . . . . . . . 1 . . . . . . . . . . . . . . . . . . . . . . . Used . | . . . . . . . . . . . . . . . . . . . . . . . . . . . . . . . . . Hacking Detections 118 | . 8 1 13 1 . . 9 3 13 1 8 3 6 . 16 1 10 . . . 1 8 . . . . 1 7 1 . 3 4 Full Trace Events 10 | . 1 1 2 . . . . . . . . 1 1 . . . 1 . . . . . . . . . . . . . 1 2 Feedback Events 3 | . 1 . . . . . . . . . . 1 . . . . . . . . . . . . . . . . . . . 1 Corruption 3 | . 1 . . . . . . . . . . 1 . . . . . . . . . . . . . . . . . . . 1 Feedback Blocked 1 | . . . . . . . . . . . . . . . . . . . . . . . . . . . . . . . . 1 Robot Schematics Acquired 7 | . . . . . . . . . . . . . . . . . . . . 7 . . . . . . . . . . . . Robots Built . | . . . . . . . . . . . . . . . . . . . . . . . . . . . . . . . . . Authchips . | . . . . . . . . . . . . . . . . . . . . . . . . . . . . . . . . . Time . | . . . . . . . . . . . . . . . . . . . . . . . . . . . . . . . . . Total Robot Build Rating . | . . . . . . . . . . . . . . . . . . . . . . . . . . . . . . . . . Part Schematics Acquired 8 | . . . . . . . . . . . . . . . . . . . . 8 . . . . . . . . . . . . Parts Built . | . . . . . . . . . . . . . . . . . . . . . . . . . . . . . . . . . Authchips . | . . . . . . . . . . . . . . . . . . . . . . . . . . . . . . . . . Time . | . . . . . . . . . . . . . . . . . . . . . . . . . . . . . . . . . Total Part Build Rating . | . . . . . . . . . . . . . . . . . . . . . . . . . . . . . . . . . Part Studies Acquired 7 | . . . 3 . . . 2 . 1 . 1 . . . . . . . . . . . . . . . . . . . . . Parts Repaired 19 | . 3 . 2 . . . 1 . 3 . . . . . 4 . 4 . . . . . . . . . 1 1 . . . . Time 992 | . 90 . 76 . . . 32 . 184 . . . . . 274 . 248 . . . . . . . . . 62 26 . . . . Parts Recycled . | . . . . . . . . . . . . . . . . . . . . . . . . . . . . . . . . . Recycled Matter 770 | . . . 506 . . . . . 179 . 85 . . . . . . . . . . . . . . . . . . . . . Retrieved Matter 970 | . . . 624 . . . . . 346 . . . . . . . . . . . . . . . . . . . . . . . Retrieved Components 33 | . 20 . . . . . . . . . . . . . 2 . 11 . . . . . . . . . . . . . . . Parts Scanalyzed . | . . . . . . . . . . . . . . . . . . . . . . . . . . . . . . . . . Part Schematics Acquired . | . . . . . . . . . . . . . . . . . . . . . . . . . . . . . . . . . Parts Damaged . | . . . . . . . . . . . . . . . . . . . . . . . . . . . . . . . . . Bothacking | -11 -10 -10 -9 -9 -9 -8 -8 -8 -8 -8 -8 -8 -7 -7 -7 -7 -6 -6 -6 -6 -5 -5 -5 -5 -5 -4 -4 -4 -4 -4 -4 -3 ------------ Run | Yrd Mat Min Mat Min Exi Min Mat Gar Mat Gar Mat Gar Fac Gar Fac Gar Fac Low Low Dat Pro Fac Upp Upp War Pro Fac Ext Cet Arc Hub Res Used RIF Installer . | . . . . . . . . . . . . . . . . . . . . . . . . . . . . . . . . . Robots Hacked 1 | . . . . . . . . . . . 1 . . . . . . . . . . . . . . . . . . . . . Non-combat 1 | . . . . . . . . . . . 1 . . . . . . . . . . . . . . . . . . . . . Combat . | . . . . . . . . . . . . . . . . . . . . . . . . . . . . . . . . . Robot Hacks Applied 1 | . . . . . . . . . . . 1 . . . . . . . . . . . . . . . . . . . . . parse_system 1 | . . . . . . . . . . . 1 . . . . . . . . . . . . . . . . . . . . . Relay Couplers Released 76 | . . . . . . . . 19 . 23 . 17 . 8 . 6 . . . . . . . . . . . . . . 1 2 Machine Destruction 76 | . . . . . . . . 19 . 23 . 17 . 8 . 6 . . . . . . . . . . . . . . 1 2 Fabnet Peak Effective % . | . . . . . . . . . . . . . . . . . . . . . . . . . . . . . . . . . Robots Rewired 33 | . . . . . . . . . . . . 7 . . . 6 . . . . . . . . 5 . . 15 . . . . Allies Hacked 2 | . . . . . . . . . . 1 . . . . 1 . . . . . . . . . . . . . . . . . Hacks Repelled . | . . . . . . . . . . . . . . . . . . . . . . . . . . . . . . . . . Allies | -11 -10 -10 -9 -9 -9 -8 -8 -8 -8 -8 -8 -8 -7 -7 -7 -7 -6 -6 -6 -6 -5 -5 -5 -5 -5 -4 -4 -4 -4 -4 -4 -3 -------- Run | Yrd Mat Min Mat Min Exi Min Mat Gar Mat Gar Mat Gar Fac Gar Fac Gar Fac Low Low Dat Pro Fac Upp Upp War Pro Fac Ext Cet Arc Hub Res Total Allies 55 | . . . . . . . 1 . 1 2 . 7 1 . 2 6 1 . . . . . . . 5 . . 21 5 . 3 . Largest Group 10 | . . . . . . . 1 . 1 3 1 6 7 7 1 6 5 . . . . . . . 5 1 . 10 6 6 5 . Highest-Rated Group 632 | . . . . . . . 10 . 10 63 7 119 129 129 26 156 136 . . . . . . . 274 64 . 403 632 632 473 . Highest-Rated Ally 159 | . . . . . . . 10 . 10 31 7 39 28 28 26 32 32 . . . . . . . 64 64 . 159 159 159 110 . Initial Warlord ECA Mod 40 | . . . . . . . . . 9 9 19 19 29 29 37 37 40 40 40 40 39 39 38 38 38 37 37 37 37 37 37 36 Warlord Squad Rendezvous 1 | . . . . . . . . . . . . . . . . . . . . . . 1 . . . . . . . . . . Ranger 1 | . . . . . . . . . . . . . . . . . . . . . . 1 . . . . . . . . . . Total Orders 84 | . . . . 8 . . 4 7 2 4 8 8 6 14 16 . 1 . . . . . . . 2 . . . . . . 4 STAY 32 | . . . . . . . 2 . 1 2 4 4 3 7 8 . 1 . . . . . . . . . . . . . . . ROAM 1 | . . . . . . . . . . . . . . . . . . . . . . . . . . . . . . . . 1 FOLLOW 31 | . . . . . . . 2 . 1 2 4 4 3 7 8 . . . . . . . . . . . . . . . . . EXPLORE 17 | . . . . 7 . . . 7 . . . . . . . . . . . . . . . . 1 . . . . . . 2 RETURN 3 | . . . . 1 . . . . . . . . . . . . . . . . . . . . 1 . . . . . . 1 Ally Attacks 373 | . . . . 6 . . . 10 . 3 . 26 21 32 . 7 14 . . . . . . . 14 . . 112 18 22 88 . Total Damage 9933 | . . . . . . . . . . 48 . 323 411 800 . 266 652 . . . . . . . 506 . . 3463 651 791 2022 . Kills 62 | . . . . . . . . . . . . 5 5 5 . 4 9 . . . . . . . . . . 20 3 3 8 . Allies Corrupted 4 | . . . . . . . . . . 1 . . . . . . . . . . . . . . . . . 3 . . . . Allies Melted 1 | . . . . . . . . . . . . . . . . . 1 . . . . . . . . . . . . . . . Field Lobotomies 3 | . . . . . . . . . . . . . . . . . . . . . . . . . . . . . . . 3 . Intel | -11 -10 -10 -9 -9 -9 -8 -8 -8 -8 -8 -8 -8 -7 -7 -7 -7 -6 -6 -6 -6 -5 -5 -5 -5 -5 -4 -4 -4 -4 -4 -4 -3 ------- Run | Yrd Mat Min Mat Min Exi Min Mat Gar Mat Gar Mat Gar Fac Gar Fac Gar Fac Low Low Dat Pro Fac Upp Upp War Pro Fac Ext Cet Arc Hub Res Active Infowar (turns) 28033 | 26 1457 564 1242 989 . 68 1139 1 2117 . 1693 471 1090 861 1224 . 1308 1467 1597 134 1858 1858 1114 1804 1055 886 592 1272 . . . 146 Sensors 9000 | . . . . . . . . . 3 . . . . . . . 2 1454 1597 134 1850 232 1103 1801 . 822 2 . . . . . Terrain 15932 | . . . 152 . . . . . 732 . . . 829 3 1224 . 1306 1349 1583 134 1850 1527 496 1668 333 885 592 1269 . . . . Traps 1 | . . . . . . . . . . . . 1 . . . . . . . . . . . . . . . . . . . . Seismic 10486 | 26 1457 564 1090 989 . 68 1139 1 1385 . 1693 471 745 858 . . . . . . . . . . . . . . . . . . Decoding 5828 | . . . . . . . . . . . . . . . . . . . . . . 1855 1114 1804 1055 . . . . . . . Machine Analysis 146 | . . . . . . . . . . . . . . . . . . . . . . . . . . . . . . . . 146 Triangulation 1 | . . . . . . . . . . . . . . . . . . . . . . . . . . . . 1 . . . . Jamming 70 | . . . . . . . . . . . . . . . . . . . . . . 70 . . . . . . . . . . ECM 2 | . . . . . . . . . . . . . . . . . . . . . . . . . . . . 2 . . . . Robot Analysis Total 11 | . 1 . 3 . . . 2 . 2 . . . . . 2 . . . . . . . . . . . 1 . . . . . Derelict Logs Recovered 14 | . . 2 . 2 . . . . . . . . . . . . . 2 1 . 3 . 1 2 . 1 . . . . . . Drone Launches 22 | . . . . 7 . . . 10 . . . . . . . . . . . . . . . . 3 . . . . . . 2 Drone Recoveries 6 | . . . . 1 . . . . . . . . . . . . . . . . . . . . 3 . . . . . . 2 Decoded 0b10 Intel 106 | . . . . . . . . . . . . . . . . . . . . . . 106 . . . . . . . . . . Items 106 | . . . . . . . . . . . . . . . . . . . . . . 106 . . . . . . . . . . Exploration | -11 -10 -10 -9 -9 -9 -8 -8 -8 -8 -8 -8 -8 -7 -7 -7 -7 -6 -6 -6 -6 -5 -5 -5 -5 -5 -4 -4 -4 -4 -4 -4 -3 ------------- Run | Yrd Mat Min Mat Min Exi Min Mat Gar Mat Gar Mat Gar Fac Gar Fac Gar Fac Low Low Dat Pro Fac Upp Upp War Pro Fac Ext Cet Arc Hub Res Turns Passed 53194 | 115 1865 618 2743 1140 323 559 2090 1440 4604 1609 3349 2101 1107 1536 4930 1483 2937 1496 1597 134 2147 1858 1114 1804 1170 890 592 2198 466 128 934 2117 Spaces Moved 24286 | 43 905 346 1426 663 221 247 1146 501 2003 753 1472 770 687 702 2268 577 1118 770 665 82 1082 829 478 898 591 406 294 894 234 47 262 906 Core 12 | 5 . . . . . . . . . . . . . . . . . . . . . . . . . . . . . . . 7 Treads 14034 | 38 905 346 85 . . . . . 56 10 76 39 67 535 2268 345 910 770 665 82 1082 829 478 898 591 406 294 894 234 47 262 822 Legs . | . . . . . . . . . . . . . . . . . . . . . . . . . . . . . . . . . Wheels 10240 | . . . 1341 663 221 247 1146 501 1947 743 1396 731 620 167 . 232 208 . . . . . . . . . . . . . . 77 Hover . | . . . . . . . . . . . . . . . . . . . . . . . . . . . . . . . . . Flight . | . . . . . . . . . . . . . . . . . . . . . . . . . . . . . . . . . Fastest Speed 50 | 50 160 160 130 130 145 145 118 135 130 135 135 135 130 145 160 115 130 160 160 160 160 160 160 160 160 160 160 160 160 160 160 50 Average Speed 155 | 147 160 160 143 144 145 158 135 144 150 151 144 192 143 159 160 144 159 160 160 160 161 160 160 160 160 160 164 160 160 160 189 157 Slowest Speed 570 | 160 160 160 240 220 145 235 150 150 570 250 570 250 215 165 240 240 240 240 160 160 240 160 160 160 160 160 240 160 160 160 240 330 Overloaded Moves . | . . . . . . . . . . . . . . . . . . . . . . . . . . . . . . . . . Propulsion Burnouts . | . . . . . . . . . . . . . . . . . . . . . . . . . . . . . . . . . Robots Hopped . | . . . . . . . . . . . . . . . . . . . . . . . . . . . . . . . . . Potential Cave-ins 17 | . . . . . . . 2 . . . . . . . . . . . 5 . 3 . . . . 3 4 . . . . . Cave-ins Triggered . | . . . . . . . . . . . . . . . . . . . . . . . . . . . . . . . . . Exploration Rate (%) 63 | 4 99 58 98 95 59 66 72 82 89 56 81 80 15 61 49 50 31 79 75 69 95 19 65 95 94 64 7 87 76 68 25 26 Regions Visited 32 Branch Regions 16 Pre-discovered Areas 23 | . 4 1 4 1 1 . 2 . 3 . . . . . 2 . . 1 1 1 1 . 1 . . . . . . . . . Known Exits Taken 21 | . . 1 . 1 . 1 1 . 1 . 1 . 1 . 1 . 1 1 1 1 1 1 1 1 1 1 1 . . 1 1 . Unknown Exits Taken 6 | 1 1 . 1 . 1 . . . . . . . . . . . . . . . . . . . . . . 1 1 . . . Scrap Searched 18 | . . 1 . 1 . . . . . . . . . . . . . 7 . . 2 . 2 4 . 1 . . . . . . Spaces Dug 355 | . 7 . 10 5 . . 31 13 45 6 11 1 8 4 22 2 15 12 52 . 19 53 3 9 . 9 5 7 . . 1 5 Terrain Destroyed 1677 | . 19 . 96 38 . 8 112 36 119 76 25 148 10 64 99 66 29 29 71 . 311 77 7 18 21 20 16 16 . 4 32 110 Melee 106 | . . . 5 2 . . 8 2 19 6 11 1 7 4 16 2 10 10 1 . . 2 . . . . . . . . . . Projectile 504 | . 8 . 27 19 . 8 61 2 66 . 9 1 3 . 41 8 19 3 57 . 31 30 7 18 4 7 16 10 . . 21 28 AOE 1027 | . 11 . 64 17 . . 43 32 34 70 4 146 . 60 42 56 . 16 13 . 280 41 . . 17 . . . . . . 81 Terrain Rammed . | . . . . . . . . . . . . . . . . . . . . . . . . . . . . . . . . . Walls Destroyed . | . . . . . . . . . . . . . . . . . . . . . . . . . . . . . . . . . Machines Disabled . | . . . . . . . . . . . . . . . . . . . . . . . . . . . . . . . . . Actions | -11 -10 -10 -9 -9 -9 -8 -8 -8 -8 -8 -8 -8 -7 -7 -7 -7 -6 -6 -6 -6 -5 -5 -5 -5 -5 -4 -4 -4 -4 -4 -4 -3 --------- Run | Yrd Mat Min Mat Min Exi Min Mat Gar Mat Gar Mat Gar Fac Gar Fac Gar Fac Low Low Dat Pro Fac Upp Upp War Pro Fac Ext Cet Arc Hub Res Total 36148 | 72 1190 382 1907 764 228 388 1537 1134 3307 1076 2514 1198 782 944 3311 981 2035 992 1125 84 1365 1275 810 1221 793 587 377 1509 306 69 491 1394 Wait 7563 | 9 172 5 228 36 . 122 244 543 1007 153 853 131 51 45 816 126 587 143 344 . 142 337 300 279 73 139 39 335 38 7 69 190 Move 24254 | 42 904 346 1425 662 220 246 1145 499 2002 752 1472 768 686 700 2268 576 1117 769 664 81 1081 828 477 897 590 405 293 893 233 46 261 906 Hop . | . . . . . . . . . . . . . . . . . . . . . . . . . . . . . . . . . Pick Up 373 | 2 18 4 25 4 2 . 14 7 20 4 10 11 9 13 9 28 53 8 10 . 6 10 1 . 13 3 6 27 10 1 18 27 Fast Attach 279 | 7 2 2 18 3 . . 4 1 21 6 13 6 . 11 16 11 19 11 7 1 8 6 8 7 13 1 7 14 4 . 7 45 Attach 191 | . 1 1 12 3 . 2 6 5 9 6 3 12 3 7 8 11 29 4 2 . 5 7 . . 4 1 3 5 . . 13 29 Detach 56 | . . . 5 . 2 . . . 2 6 . 3 . 1 . 5 8 . . . 5 2 . . 3 . . . 1 . 1 12 Swap 486 | . 16 2 44 7 . 6 15 12 40 44 42 33 10 18 32 22 26 14 9 1 24 12 5 1 5 6 3 11 2 . 6 18 Drop 504 | . 6 6 39 8 4 . 14 8 43 7 15 13 8 30 17 21 54 18 17 1 12 14 9 7 26 4 10 22 8 1 7 55 Fire 1605 | 12 71 16 91 30 . 12 81 41 97 69 55 74 5 72 70 100 97 10 69 . 74 53 10 30 14 28 16 72 9 14 109 104 Melee 469 | . . . 20 11 . . 14 12 66 13 51 41 10 47 73 30 41 15 3 . 8 5 . . . . . . 1 . . 8 Ram . | . . . . . . . . . . . . . . . . . . . . . . . . . . . . . . . . . Kick . | . . . . . . . . . . . . . . . . . . . . . . . . . . . . . . . . . Crush 6 | . . . . . . . . . . . . . . . . 2 3 . . . . 1 . . . . . . . . . . Escape Stasis 32 | . . . . . . . . 6 . 16 . 8 . . 1 . 1 . . . . . . . . . . . . . . . Rewire 330 | . . . . . . . . . . . . 98 . . 1 49 . . . . . . . . 52 . . 130 . . . . Trap . | . . . . . . . . . . . . . . . . . . . . . . . . . . . . . . . . . Miscellaneous . | . . . . . . . . . . . . . . . . . . . . . . . . . . . . . . . . . Route ------- -11/Scrapyard -10/Materials (discovered 5 exits: *Mat x3 / *Min / [*Sub]) -10/Mines (discovered 2 exits: *Mat x2) -9/Materials (discovered 5 exits: *Mat x3 / *Min x2) -9/Mines (discovered 3 exits: *Mat x2 / *Exi) -9/Exiles -8/Mines -8/Materials (discovered 4 exits: *Fac x3 / Gar) -8/Garrison (discovered 3 exits: *Mat x3) -8/Materials (discovered 4 exits: *Fac x3 / Gar) -8/Garrison (discovered 2 exits: *Mat x2) -8/Materials (discovered 3 exits: *Fac x2 / Gar) -8/Garrison (discovered 2 exits: *Fac x2) -7/Factory (discovered 5 exits: *Fac / Sto / Low x2 / Gar) -7/Garrison (discovered 2 exits: *Fac x2) -7/Factory (discovered 7 exits: *Fac x3 / *Sto / Low x2 / Gar) -7/Garrison -6/Factory (discovered 5 exits: *Fac x3 / *Low x2) -6/Lower Caves -6/Lower Caves (discovered 2 exits: *Fac / *Dat) -6/Data Miner -5/Proximity Caves -5/Factory (discovered 2 exits: *Upp x2) -5/Upper Caves -5/Upper Caves (discovered 2 exits: *Fac / *War) -5/Warlord -4/Proximity Caves -4/Factory (discovered 3 exits: Upp x2 / *Ext) -4/Extension (discovered 2 exits: *Res / *Cet) -4/Cetus (discovered 2 exits: *Res / [*Arc]) -4/Archives (discovered 3 exits: Res / *Hub x2) -4/Hub_04(d) -3/Research (discovered 3 exits: *Res / [*Arm] / [*Tes]) History --------- Turn | Location | Event 34 | -11/Scrapyard | Discovered new exit (range 14) 116 | -11/Scrapyard | Entered Materials 117 | -10/Materials | Met a group of wandering Federalists 284 | -10/Materials | Discovered new exit (range 6) 310 | -10/Materials | Build established: Mutant 467 | -10/Materials | Central database locked down 563 | -10/Materials | Discovered new exit (range 4) 756 | -10/Materials | Discovered new exit (range 6) 797 | -10/Materials | Discovered new exit (range 8) 1106 | -10/Materials | Discovered new exit (range 10) 1147 | -10/Materials | Learned Storage garrison access intel 1236 | -10/Materials | Learned location of Mines (-10) 1265 | -10/Materials | Identified exit to Materials 1300 | -10/Materials | Learned location of 1 exit from Storage 1385 | -10/Materials | Learned location of 1 exit from Storage 1905 | -10/Materials | Repaired Autogun 1932 | -10/Materials | Repaired Lgt. Treads 1967 | -10/Materials | Repaired Rocket Launcher 1981 | -10/Materials | Entered Mines 1993 | -10/Mines | Core integrity fell below 50% 2326 | -10/Mines | Learned location of Storage (-7) 2436 | -10/Mines | Found a damaged Exp. Sensor Array with a note attached 2439 | -10/Mines | Found Prototype Device 2540 | -10/Mines | Learned Materials garrison access intel 2592 | -10/Mines | Build established: Scavenger-Mutant 2599 | -10/Mines | Entered Materials 2599 | -9/Materials | Evolved 2 slots: Propulsion x1, Utility x1 2795 | -9/Materials | Discovered new exit (range 9) 3763 | -9/Materials | Discovered new exit (range 4) 4266 | -9/Materials | Build established: Mutant 4374 | -9/Materials | Repaired Assault Cannon 4414 | -9/Materials | Repaired Assault Cannon 4419 | -9/Materials | Discovered new exit (range 11) 4425 | -9/Materials | Learned Storage emergency access door positions 4468 | -9/Materials | Identified exit to Materials 4525 | -9/Materials | Learned Storage garrison access intel 4563 | -9/Materials | Learned Storage trap positions 4639 | -9/Materials | Learned Storage stockpile data 4712 | -9/Materials | Central database locked down 4805 | -9/Materials | Build established: Scavenger-Mutant 5263 | -9/Materials | Build established: Mutant 5342 | -9/Materials | Entered Mines 5364 | -9/Mines | Found the Drone Emporium 5372 | -9/Mines | Found Prototype Device 5372 | -9/Mines | Identified Bomb Drone Bay 5394 | -9/Mines | Excavation squad dispatched 5394 | -9/Mines | A large section of the Mines collapsed 5503 | -9/Mines | Lost 6 allies 5546 | -9/Mines | Discovered exit to Materials (range 14) 5557 | -9/Mines | Received a Rocket Launcher from a helpful Derelict 5881 | -9/Mines | Identified exit to Exiles 5893 | -9/Mines | A weapon hastily lodged in a ceiling crevice suddenly fell to the ground 6028 | -9/Mines | Discovered exit to Materials (range 6) 6202 | -9/Mines | Learned Materials trap positions 6477 | -9/Mines | Deemed a non-threat by the Exiles lab entrance 6482 | -9/Mines | Entered Exiles 6521 | -9/Exiles | Met 8R-AWN 6542 | -9/Exiles | Met EX-HEX 6583 | -9/Exiles | Met EX-BIN 6600 | -9/Exiles | Aligned with FarCom system 6602 | -9/Exiles | Given EX-Vault access code 6637 | -9/Exiles | Opened EX-Vault 6646 | -9/Exiles | Found Field Lobotomy Kit 6673 | -9/Exiles | Warned to stay clear of 0b10 Research branches 6715 | -9/Exiles | Met EX-DEC 6721 | -9/Exiles | Learned location of Zion (-7) 6794 | -9/Exiles | Discovered new exit (range 10) 6805 | -9/Exiles | Left Exiles lab with Field Lobotomy Kit 6805 | -9/Exiles | Entered Mines 7345 | -8/Mines | Discovered exit to Materials (range 9) 7364 | -8/Mines | Entered Materials 7364 | -8/Materials | Evolved 2 slots: Propulsion x1, Utility x1 7365 | -8/Materials | Loaded intel: 11 trap records 7366 | -8/Materials | Loaded intel: 1 garrison access location 7514 | -8/Materials | Discovered new exit (range 3) 7695 | -8/Materials | Build established: Scavenger-Mutant 8129 | -8/Materials | Learned Storage emergency access door positions 8185 | -8/Materials | Learned location of 1 exit from Recycling 8230 | -8/Materials | Identified exit to Factory 8292 | -8/Materials | Learned location of Lower Caves (-7) 8331 | -8/Materials | Learned Factory stockpile data 8379 | -8/Materials | Learned location of 1 exit from Recycling 8911 | -8/Materials | Build established: Mutant 9054 | -8/Materials | Destroyed 8 combat bots 9097 | -8/Materials | Identified exit to Garrison 9161 | -8/Materials | Repaired Arm. Wheel+ 9454 | -8/Materials | Entered Garrison 9496 | -8/Garrison | Discovered new exit (range 51) 9504 | -8/Garrison | Triggered checkpoint 9508 | -8/Garrison | Triggered checkpoint 9512 | -8/Garrison | Triggered checkpoint 9513 | -8/Garrison | Triggered checkpoint 9531 | -8/Garrison | Garrison Relay disabled 9632 | -8/Garrison | Discovered new exit (range 55) 9632 | -8/Garrison | Discovered new exit (range 32) 9632 | -8/Garrison | Discovered new exit (range 19) 9647 | -8/Garrison | Garrison Relay disabled 9666 | -8/Garrison | Triggered checkpoint 9850 | -8/Garrison | Triggered checkpoint 9950 | -8/Garrison | Triggered checkpoint 10665 | -8/Garrison | Attempted to access garrison exit controls, blocked by remote lockdown 10894 | -8/Garrison | Entered Materials 10939 | -8/Materials | Garrison activated, responded to threat 12362 | -8/Materials | Discovered exit to Factory (range 3) 12654 | -8/Materials | Identified Exp. Sensor Array 12699 | -8/Materials | Repaired Arm. Wheel+ 12808 | -8/Materials | Repaired Exp. Sensor Array 12852 | -8/Materials | Build established: Skirmisher 13197 | -8/Materials | Discovered exit to Factory (range 10) 13277 | -8/Materials | Repaired Adv. Assault Cannon 13523 | -8/Materials | Build established: Mutant 14477 | -8/Materials | Garrison activated, responded to threat 14748 | -8/Materials | Central database locked down 15004 | -8/Materials | Discovered exit to Factory (range 16) 15241 | -8/Materials | Learned 4 Recycling zone layouts 15279 | -8/Materials | Learned location of 1 exit from Storage 15379 | -8/Materials | Identified exit to Garrison 15498 | -8/Materials | Entered Garrison 15498 | -8/Garrison | Accompanied by 1 ally 15798 | -8/Garrison | Triggered checkpoint 15841 | -8/Garrison | Garrison Relay disabled 15843 | -8/Garrison | Garrison Relay disabled 15996 | -8/Garrison | Triggered checkpoint 16000 | -8/Garrison | Triggered checkpoint 16333 | -8/Garrison | Rescued a captive Derelict 16344 | -8/Garrison | Rescued a captive Derelict 16371 | -8/Garrison | Triggered checkpoint 16400 | -8/Garrison | Triggered checkpoint 16569 | -8/Garrison | Discovered new exit (range 9) 16705 | -8/Garrison | Garrison Relay disabled 16708 | -8/Garrison | Garrison Relay disabled 16736 | -8/Garrison | Phase Generator disabled 16855 | -8/Garrison | Triggered checkpoint 16925 | -8/Garrison | Discovered new exit (range 6) 16944 | -8/Garrison | Triggered checkpoint 17107 | -8/Garrison | Entered Materials 17107 | -8/Materials | Accompanied by 1 ally 18071 | -8/Materials | Discovered exit to Factory (range 3) 19089 | -8/Materials | Discovered exit to Factory (range 8) 20456 | -8/Materials | Identified exit to Garrison 20456 | -8/Materials | Entered Garrison 20456 | -8/Garrison | Accompanied by 1 ally 20479 | -8/Garrison | Triggered checkpoint 20519 | -8/Garrison | Garrison Relay disabled 20588 | -8/Garrison | Triggered checkpoint 20643 | -8/Garrison | Triggered checkpoint 20645 | -8/Garrison | Triggered checkpoint 20686 | -8/Garrison | Destroyed 8 combat bots 20687 | -8/Garrison | Triggered checkpoint 21047 | -8/Garrison | Discovered exit to Factory (range 15) 21079 | -8/Garrison | Triggered checkpoint 21109 | -8/Garrison | Garrison Relay disabled 21269 | -8/Garrison | Core integrity fell below 50% 21438 | -8/Garrison | Learned Factory security intel 21524 | -8/Garrison | Discovered exit to Factory (range 10) 21934 | -8/Garrison | Triggered checkpoint 21976 | -8/Garrison | Triggered checkpoint 22099 | -8/Garrison | Garrison Relay disabled 22244 | -8/Garrison | Attempted to access garrison exit controls, blocked by remote lockdown 22270 | -8/Garrison | Triggered checkpoint 22315 | -8/Garrison | Garrison Relay disabled 22360 | -8/Garrison | Phase Generator disabled 22457 | -8/Garrison | Build established: Commander-Mutant 22557 | -8/Garrison | Entered Factory 22557 | -7/Factory | Accompanied by 6 allies 22557 | -7/Factory | Evolved 2 slots: Propulsion x2 22558 | -7/Factory | Identified exit to Storage 22558 | -7/Factory | Identified exit to Lower Caves 22896 | -7/Factory | Identified exit to Garrison 22973 | -7/Factory | Discovered new exit (range 16) 23661 | -7/Factory | Build established: Commander-Assassin 23664 | -7/Factory | Entered Garrison 23664 | -7/Garrison | Accompanied by 7 allies 23677 | -7/Garrison | Triggered checkpoint 23981 | -7/Garrison | Destroyed 8 combat bots 24082 | -7/Garrison | Triggered checkpoint 24124 | -7/Garrison | Triggered checkpoint 24292 | -7/Garrison | Triggered checkpoint 24337 | -7/Garrison | Build established: Mutant 24615 | -7/Garrison | Triggered checkpoint 24723 | -7/Garrison | Garrison Relay disabled 25060 | -7/Garrison | Discovered new exit (range 12) 25085 | -7/Garrison | Attempted to access garrison exit controls, blocked by remote lockdown 25179 | -7/Garrison | Discovered new exit (range 12) 25200 | -7/Garrison | Entered Factory 25200 | -7/Factory | Accompanied by 1 ally 25619 | -7/Factory | Build established: Assassin 26484 | -7/Factory | Central database locked down 26918 | -7/Factory | Build established: Mutant 26990 | -7/Factory | Identified exit to Factory 27028 | -7/Factory | Discovered exit to Factory (range 15) 27062 | -7/Factory | Loaded intel: 6 recycling unit locations 27212 | -7/Factory | Learned location of 2 exits from Lower Caves 27407 | -7/Factory | Learned location of 2 exits from Archives 27660 | -7/Factory | P-60 Hacker assimilated allied Technician 4a 28676 | -7/Factory | P-60 Hacker assimilated allied Administrator 4a 29040 | -7/Factory | Build established: Scavenger-Mutant 29248 | -7/Factory | Repaired Imp. Heavy Treads 29312 | -7/Factory | Repaired Imp. Heavy Treads 29363 | -7/Factory | Repaired Lrn. Missile Launcher 29402 | -7/Factory | Repaired Imp. Grenade Launcher+ 29416 | -7/Factory | Unchained authorized (GL-D0S) 29977 | -7/Factory | Core integrity fell below 50% 30066 | -7/Factory | Lost 3 parts (1n1u1w) 30085 | -7/Factory | System corruption reached 10% 30102 | -7/Factory | Core integrity fell below 20% 30124 | -7/Factory | Lost 5 parts (3n1u1w) 30130 | -7/Factory | Identified exit to Garrison 30130 | -7/Factory | Entered Garrison 30229 | -7/Garrison | Triggered checkpoint 30297 | -7/Garrison | Destroyed 7 combat bots 30539 | -7/Garrison | Triggered checkpoint 30539 | -7/Garrison | Triggered checkpoint 30542 | -7/Garrison | Triggered checkpoint 30630 | -7/Garrison | Triggered checkpoint 30727 | -7/Garrison | Lost 3 parts (1n1u1w) 31297 | -7/Garrison | Triggered checkpoint 31528 | -7/Garrison | Garrison Relay disabled 31584 | -7/Garrison | Discovered exit to Factory (range 12) 31613 | -7/Garrison | Entered Factory 31613 | -6/Factory | Accompanied by 5 allies 31613 | -6/Factory | Evolved 2 slots: Utility x2 31809 | -6/Factory | Unchained authorized (GL-D0S) 31963 | -6/Factory | First assault squad dispatched 32018 | -6/Factory | Repaired Railgun 32096 | -6/Factory | Repaired Imp. Heavy Treads 32149 | -6/Factory | Discovered new exit (range 16) 32184 | -6/Factory | Identified exit to Factory 32584 | -6/Factory | Garrison activated, responded to threat 32588 | -6/Factory | Lost 7 parts (3n2u2w) 33080 | -6/Factory | Identified exit to Lower Caves 33142 | -6/Factory | Discovered exit to Factory (range 13) 33486 | -6/Factory | Build established: Scavenger-Skirmisher 33597 | -6/Factory | Repaired Imp. Heavy Treads 33660 | -6/Factory | Repaired Imp. Heavy Treads 33813 | -6/Factory | Discovered exit to Factory (range 14) 33817 | -6/Factory | System corruption reached 10% 34066 | -6/Factory | Found Unknown Protection 34068 | -6/Factory | Identified Hvy. Reflective Plating 34356 | -6/Factory | Build established: Hauler-Mutant 34550 | -6/Factory | Entered Lower Caves 34551 | -6/Lower Caves | Encountered a Warlord checkpoint 34551 | -6/Lower Caves | Identified exit to Lower Caves 34560 | -6/Lower Caves | Met a Warlord Commander 34561 | -6/Lower Caves | Learned location of Warlord (-5) 34562 | -6/Lower Caves | Warlord Commander delivered Encrypted Comm Array 34572 | -6/Lower Caves | Found Encrypted Comm Array 34952 | -6/Lower Caves | Attracted the attention of an 0b10 checkpoint 35202 | -6/Lower Caves | Build established: Hauler-Assassin 35204 | -6/Lower Caves | Learned Factory garrison access intel 35556 | -6/Lower Caves | Attacked by a delusional Derelict stockpiling parts 35761 | -6/Lower Caves | Found DCF Scrap (9 items) 36046 | -6/Lower Caves | Entered another Lower Caves area 36047 | -6/Lower Caves | Encountered a Warlord checkpoint 36047 | -6/Lower Caves | Identified exit to Data Miner 36047 | -6/Lower Caves | Discovered exit to Factory (range 17) 37643 | -6/Lower Caves | Entered Data Miner 37643 | -6/Data Miner | Discovered new exit (range 6) 37650 | -6/Data Miner | Identified exit to Proximity Caves 37674 | -6/Data Miner | Met Data Miner 37706 | -6/Data Miner | Learned location of Section 7 (-2) 37706 | -6/Data Miner | Acquired the access code to Warlord's prototype stash 37732 | -6/Data Miner | Received God Mode back door access code from Data Miner 37777 | -6/Data Miner | Entered Proximity Caves 39342 | -5/Proximity Caves | Learned location of Armory (-3) 39631 | -5/Proximity Caves | Attracted the attention of an 0b10 checkpoint 39654 | -5/Proximity Caves | Destroyed 7 combat bots 39763 | -5/Proximity Caves | Discovered exit to Factory (range 13) 39924 | -5/Proximity Caves | Entered Factory 39924 | -5/Factory | Evolved 2 slots: Utility x1, Weapon x1 39925 | -5/Factory | Identified exit to Upper Caves 39926 | -5/Factory | Loaded intel: 4 garrison access locations 40462 | -5/Factory | Build established: Hauler-Tank 41073 | -5/Factory | Cargo convoy interrupted 41094 | -5/Factory | Incoming assault squad redirected 41320 | -5/Factory | Build established: Hauler-Assassin 41650 | -5/Factory | Allied Derelicts emerged from ambush trap array 41691 | -5/Factory | Joined by Warlord Ranger squad 41782 | -5/Factory | Entered Upper Caves 41783 | -5/Upper Caves | Identified exit to Upper Caves 41807 | -5/Upper Caves | Lost 4 allies 41906 | -5/Upper Caves | Build established: Hauler-Tank 42711 | -5/Upper Caves | Build established: Hauler-Skirmisher 42896 | -5/Upper Caves | Entered another Upper Caves area 42932 | -5/Upper Caves | Discovered new exit (range 8) 42944 | -5/Upper Caves | Identified exit to Factory 43948 | -5/Upper Caves | Identified exit to Warlord 44057 | -5/Upper Caves | Attracted the attention of an 0b10 base 44488 | -5/Upper Caves | Acquired the password to a Derelict Tinkerer's latest research 44700 | -5/Upper Caves | Entered Warlord 44726 | -5/Warlord | Discovered new exit (range 23) 44868 | -5/Warlord | Visited the Vortex Lab 44879 | -5/Warlord | Warlord's base attacked by MAIN.C 44888 | -5/Warlord | Found Prototype Energy Cannon 44888 | -5/Warlord | Identified Vortex Cannon 44891 | -5/Warlord | Found Vortex Cannon 44896 | -5/Warlord | Found Prototype Piercing Weapon 44896 | -5/Warlord | Identified Vortex Lance 44904 | -5/Warlord | Found Vortex Lance 45009 | -5/Warlord | Build established: Hauler-Tank 45027 | -5/Warlord | Opened Warlord's prototype stash 45037 | -5/Warlord | Found Prototype Device 45037 | -5/Warlord | Identified Exp. Phase Shifter 45053 | -5/Warlord | Found Prototype Device 45053 | -5/Warlord | Identified Exp. Focal Shield 45056 | -5/Warlord | Found Prototype Processor 45056 | -5/Warlord | Identified Exp. Target Analyzer 45070 | -5/Warlord | Found Prototype Reactor 45124 | -5/Warlord | Met Warlord 45229 | -5/Warlord | Warlord forces counterattacked 45346 | -5/Warlord | Build established: Hauler-Gunner 45554 | -5/Warlord | Warlord base infiltrated, sounded retreat 45555 | -5/Warlord | Enhanced Grunt warped into view 45555 | -5/Warlord | Enhanced Grunt warped into view 45555 | -5/Warlord | Enhanced Grunt warped into view 45555 | -5/Warlord | Enhanced Demolisher warped into view 45555 | -5/Warlord | Enhanced Demolisher warped into view 45555 | -5/Warlord | Enhanced Demolisher warped into view 45659 | -5/Warlord | Spotted Striker 45709 | -5/Warlord | Lost 3 allies 45713 | -5/Warlord | Spotted Executioner 45773 | -5/Warlord | Lost 8 allies 45795 | -5/Warlord | Spotted B-86 Titan 45797 | -5/Warlord | Spotted Executioner 45810 | -5/Warlord | Spotted B-75 Beast 45856 | -5/Warlord | Lost 7 allies 45868 | -5/Warlord | Identified exit to Proximity Caves 45870 | -5/Warlord | Entered Proximity Caves 45870 | -4/Proximity Caves | Accompanied by 1 ally 45902 | -4/Proximity Caves | Learned Research terminal intel 45973 | -4/Proximity Caves | Build established: Hauler-Tank 46736 | -4/Proximity Caves | Discovered exit to Factory (range 16) 46760 | -4/Proximity Caves | Entered Factory 46760 | -4/Factory | Evolved 2 slots: Power x1, Utility x1 46761 | -4/Factory | Identified exit to Upper Caves 46761 | -4/Factory | Identified exit to Extension 47183 | -4/Factory | Repaired Imp. Heavy Treads 47268 | -4/Factory | Build established: Hauler-Gunner 47352 | -4/Factory | Entered Extension 48421 | -4/Extension | Rescued a captive Derelict 48422 | -4/Extension | Rescued a captive Derelict 48600 | -4/Extension | Spotted B-86 Titan 48612 | -4/Extension | Spotted B-86 Titan 48624 | -4/Extension | Build established: Commander-Gunner 48626 | -4/Extension | Allies destroyed B-86 Titan 48630 | -4/Extension | Allies destroyed B-86 Titan 48652 | -4/Extension | Disrupted transfer network 48678 | -4/Extension | P-70 Sage assimilated allied FM-8PM(g) 48773 | -4/Extension | Lost 7 allies 48843 | -4/Extension | Rescued a captive Derelict 48852 | -4/Extension | First assault squad dispatched 48877 | -4/Extension | Incoming assault squad redirected 48960 | -4/Extension | Build established: Hauler-Tank 49031 | -4/Extension | Identified Vortex Chain Reactor 49062 | -4/Extension | Rescued a captive Derelict 49297 | -4/Extension | Repaired Cargo Storage Unit 49302 | -4/Extension | Lost 5 parts (3u2w) 49477 | -4/Extension | Rescued a captive Derelict 49497 | -4/Extension | Rescued A7 49537 | -4/Extension | Discovered new exit (range 10) 49539 | -4/Extension | Discovered new exit (range 6) 49550 | -4/Extension | Entered Cetus 49550 | -4/Cetus | Accompanied by 2 allies (A7) 49555 | -4/Cetus | Acquired a Cetus Manufacturing Module code from A7 49572 | -4/Cetus | Destroyed Cetus Guard 49579 | -4/Cetus | Destroyed Cetus Guard 49582 | -4/Cetus | Destroyed Cetus Guard 49728 | -4/Cetus | Escorted A7 to Cetus Mainframe 49743 | -4/Cetus | Started Cetus Manufacturing Module 49768 | -4/Cetus | Manufactured an Enhanced Grunt 49793 | -4/Cetus | Manufactured an Enhanced Grunt 49818 | -4/Cetus | Manufactured an Enhanced Grunt 49834 | -4/Cetus | Discovered new exit (range 15) 49843 | -4/Cetus | Manufactured an Enhanced Grunt 49860 | -4/Cetus | Spotted Cetus Guard 49863 | -4/Cetus | Spotted Cetus Guard 49865 | -4/Cetus | Spotted Cetus Guard 49867 | -4/Cetus | Spotted Cetus Guard 49868 | -4/Cetus | Manufactured an Enhanced Grunt 49868 | -4/Cetus | Destroyed Cetus Guard 49868 | -4/Cetus | Destroyed Cetus Guard 49871 | -4/Cetus | Destroyed Cetus Guard 49874 | -4/Cetus | Allies destroyed Cetus Guard 49893 | -4/Cetus | Discovered new exit (range 16) 49902 | -4/Cetus | Met Revision 17 50016 | -4/Cetus | Entered Archives 50016 | -4/Archives | Accompanied by 6 allies (A7) 50017 | -4/Archives | Identified exit to Research 50017 | -4/Archives | Identified exit to Hub_04(d) 50021 | -4/Archives | Received a hacking code to weaken MAIN.C 50122 | -4/Archives | Discovered exit to Hub_04(d) (range 13) 50144 | -4/Archives | Entered Hub_04(d) 50144 | -4/Hub_04(d) | Accompanied by 5 allies 50144 | -4/Hub_04(d) | Spotted B-86 Titan 50147 | -4/Hub_04(d) | Allies destroyed B-86 Titan 50332 | -4/Hub_04(d) | Garrison activated, responded to threat 50359 | -4/Hub_04(d) | Lost 4 allies 50391 | -4/Hub_04(d) | Garrison activated, responded to threat 50403 | -4/Hub_04(d) | Destroyed 7 combat bots 50458 | -4/Hub_04(d) | Build established: Hauler-Gunner 50659 | -4/Hub_04(d) | Identified exit to Garrison 50677 | -4/Hub_04(d) | Garrison activated, responded to threat 50680 | -4/Hub_04(d) | Network Hub disabled 50689 | -4/Hub_04(d) | Spotted Lightning 50691 | -4/Hub_04(d) | Spotted Lightning 50696 | -4/Hub_04(d) | Spotted Lightning 50700 | -4/Hub_04(d) | Incoming assault squad redirected 50701 | -4/Hub_04(d) | Destroyed Lightning 50725 | -4/Hub_04(d) | Spotted Lightning 50729 | -4/Hub_04(d) | Spotted Lightning 50729 | -4/Hub_04(d) | Assimilated Lightning with FLK Orb 50752 | -4/Hub_04(d) | Spotted Lightning 50758 | -4/Hub_04(d) | System corruption reached 10% 50765 | -4/Hub_04(d) | Assimilated Lightning with FLK Orb 50771 | -4/Hub_04(d) | Assimilated Lightning with FLK Orb 50778 | -4/Hub_04(d) | Destroyed Lightning 50806 | -4/Hub_04(d) | Lost 10 parts (1p3n1u5w) 50869 | -4/Hub_04(d) | Destroyed Lightning 50893 | -4/Hub_04(d) | Found Prototype Energy Cannon 50894 | -4/Hub_04(d) | Discovered exit to Research (range 13) 50896 | -4/Hub_04(d) | Found Exp. Phase Shifter 50916 | -4/Hub_04(d) | Found Exp. Targeting Computer 50922 | -4/Hub_04(d) | Found Exp. Phase Shifter 50928 | -4/Hub_04(d) | Found Prototype Device 50928 | -4/Hub_04(d) | Identified Exp. EM Shield 51003 | -4/Hub_04(d) | Found Exp. EM Shield 51078 | -4/Hub_04(d) | Entered Research 51078 | -3/Research | Evolved 2 slots: Utility x1, Weapon x1 51079 | -3/Research | Loaded intel: 23 terminal locations 51083 | -3/Research | Identified EMDS 51278 | -3/Research | Revision forces began assault on 0b10 51304 | -3/Research | Met up with Revision 17++ 51428 | -3/Research | Lost 3 allies 51551 | -3/Research | Build established: Scavenger-Gunner 51591 | -3/Research | Discovered new exit (range 15) 51712 | -3/Research | Discovered new exit (range 15) 51778 | -3/Research | Research terminal network offline 51889 | -3/Research | Identified exit to Research 52392 | -3/Research | Spotted Striker 52400 | -3/Research | Destroyed Striker 52697 | -3/Research | Discovered new exit (range 7) 53000 | -3/Research | Spotted Striker 53002 | -3/Research | Spotted Striker 53011 | -3/Research | Destroyed Striker 53018 | -3/Research | Destroyed Striker 53042 | -3/Research | Spotted Striker 53066 | -3/Research | Destroyed Striker 53073 | -3/Research | Spotted Striker 53093 | -3/Research | Core integrity fell below 50% 53168 | -3/Research | Core integrity fell below 20% 53174 | -3/Research | Released all parts (6) 53195 | -3/Research | Destroyed by G-67 Veteran with Plasma Rifle Last Messages --------------- 53186_ Slug penetrates Wall. 53186_ Critical hit (Destroy). 53186_ Imp. Heavy Treads destroyed. 53186_ Slug penetrates Wall. 53186_ Penetrated by Slug. 53186_ Acquired Imp. Heavy Treads. 53188_ System corrupted: Component data lost. 53188_ Slug penetrates Wall. 53191_ Acquired Centrium Wheel. 53191_ Slug penetrates Wall. 53191_ Penetrated by Slug. 53191_ Critical hit (Destroy). 53191_ Centrium Heavy Treads destroyed. 53191_ Slug penetrates Wall. 53191_ Imp. Heavy Treads destroyed. 53191_ Slug penetrates Wall. 53191_ Penetrated by Slug. 53193_ Acquired Centrium Wheel. 53194_ Slug penetrates Wall. 53194_ Penetrated by Slug. Map ----- +----------------------------------------------------+ | ?##### ###+###### #??# #???# ??? | | ??? ?# ?? ???# #??# #??## #???? | | ????? ?? ????# #####+####+###### ###?? | | ??? # ## #???# | | ?" * / #? ? | | ?=R [ ## #???? | | ?" [ = ??# ##? ? | | ? [ [% ]] ?#### ###########+##### #?? " | | ?? *] #??## #?### # ##? ? | | ?? # #?#?# #?#?# # #? ?? | | ??# # #####+###?# ! """ # #??? | | ???# # ## ?# """ # #???? | | ??## ####### ? # """ # #?? ? | | ??? # #####?# ?? # # ## ?? | | #### = ""### ? # # #? ?? | | #T ## *% # ##T" # ############## ##### | | = !"% | | | | | | ! * % %% | | * #= / ## ##+########## #######+ | | !# # #=%%[ |#g #?## ##?? ? | | # [d !!!g #?? # # ###? | | h= []!# ## ## # #???? | | # !!# = ; ! # #?#? ? | | " ### # !# @ ### ##!=% ###### ? | | ## # K # #???## ###????? | | # ! = #????## ##???#?? | | h # !%= ##????# #?##?##? | | # # ### !! #?????# #?#??## | | ### # ########?????# #??#??? | | # ####???#???#????# #?????# | | # #???????????????# #?????# | | !! # # ## #???????????#???# #?#???####### | | !! = ## #####?#?????????????# #?????# #??#? | | !! ########?????????#????????## ##???## #???? | | #???????????????#??????#???# #?????# #???? | | #???????????????#??????#???# #?????# #???? | | !????????????????????????#??# #??#??# #???? | | ????????????????????????????# #?????# #?#?? | | ??#????????????????????#????????#?# #?????#%#???? | | ????????????????????????????????### #######+##### | | ????????????????????????????????# # = ![ # | | ????????????????????????????????# # [ [[ # | | ????????????????????????????????# # [ ! # | | ????????????????????????????????# < =+ [[ =# | | ????????????????????????????????# *%# # | | ??????????????????????????????### # * # | | ????????????????????????####### ## ## | | ???????????????????????? """ # !%## # | +----------------------------------------------------+ Best States ------------- Heat Dissipation 77 Energy Generation 55 Energy Capacity 840 Matter Stores 300 Matter Capacity 700 Sight Range 16 Robot Scan Range 20 Terrain Scan Range 24 Terrain Scan Density 10 Jamming Range 14 EM Shielding 2 Corruption Block 15 Armor Coverage 1350 Resistance: TH 25 Resistance: EM 75 Core Shielding 30 Weapon Shielding 66 Phase Shifting 20 Evasion (%) 60 Targeting Accuracy 12 Launcher Accuracy 30 Target Analysis 14 Core Analysis 6 Recoil Reduction 6 Particle Charging 20 Offensive Hacking 12 Defensive Hacking 12 Item Schematics ----------------- Combat Drone Bay | -6/Data Miner | Free Lgt. Regenerative Plating | -6/Data Miner | Free Cld. Gravmag System | -6/Data Miner | Free Prc. Energy Filter | -6/Data Miner | Free Imp. KE Penetrator | -6/Data Miner | Free Imp. Gyrokinetic Inverter | -6/Data Miner | Free Lrn. Terrain Scanner | -6/Data Miner | Free Matter Neutralizer | -6/Data Miner | Free Robot Schematics ------------------ X-72 Disruptor | -6/Data Miner | Free B-48 Gladiator | -6/Data Miner | Free G-50 Soldier | -6/Data Miner | Free Y-54 Guardian | -6/Data Miner | Free M-36 Artificer | -6/Data Miner | Free L-61 Swordsman | -6/Data Miner | Free A-27 Freighter | -6/Data Miner | Free Fabricated ------------ Nothing Repaired ---------- Autogun | 26% | -10/Materials Lgt. Treads | 33% | -10/Materials Rocket Launcher | 52% | -10/Materials Assault Cannon | 62% | -9/Materials Assault Cannon | 80% | -9/Materials Arm. Wheel | 39% | -8/Materials Arm. Wheel | 19% | -8/Materials Exp. Sensor Array | 62% | -8/Materials Adv. Assault Cannon | 27% | -8/Materials Imp. Heavy Treads | 1% | -7/Factory Imp. Heavy Treads | 42% | -7/Factory Lrn. Missile Launcher | 58% | -7/Factory Imp. Grenade Launcher | 65% | -7/Factory Railgun | 14% | -6/Factory Imp. Heavy Treads | 65% | -6/Factory Imp. Heavy Treads | 42% | -6/Factory Imp. Heavy Treads | 44% | -6/Factory Imp. Heavy Treads | 36% | -4/Factory Cargo Storage Unit | 57% | -4/Extension Studied --------- Mni. Grenade Launcher | -9/Materials | Hacked Wheel | -9/Materials | Hacked Rocket Launcher | -9/Materials | Hacked Arm. Wheel | -8/Materials | Hacked Katana | -8/Materials | Hacked Imp. Grenade Launcher | -8/Materials | Hacked Missile Launcher | -8/Materials | Hacked Alien Tech Used ----------------- None Achievements -------------- All Kinds Of Bad News Challenges ------------ None Game ------ Seed PortableRapidCompanion Manual? 0 Play Time 07:20:02 Cumulative 363.8 hours Start 2026.01.30 @ 20:52:05 End 2026.01.31 @ 04:24:45 Sessions 1 Manual Loads 0 Difficulty Rogue Special Mode None Game No. 296 Rogue 296 Adventurer 0 Explorer 0 Win Type - Total 2 Types 2/0/0/0/0/0/0/0/0/0 Lore% 62 Gallery% 71 Achievement% 51 Wizard Run 0 Options --------- Layout 1 ASCII 0 Keyboard 0 Movement Mouse Keybinds 0 Fullscreen 1 Font 32/SmallcapsGlow Map View 50x35 Zoom Use 0% Tactical HUD 1 Map Filters NONE Filters NONE Steam 1 RUN: ad04d047-e49b-4854-ad20-90ce936d3e28